Workbook

Sheet CST GLOBAL
A1: SUIVI CST
C2: Réalisé 2013 | D2: Réalisé 2014 | E2: Budget Primitif 2015 | F2: Budget Rectif 2015 | G2: Budget Primitif 2016 | H2: Budget Primitif 2017 | I2: % var 2015/2014 | K2: T1 2015 | L2: T2 2015 | M2: T3 2015 | N2: T4 2015 | O2: Réalisé 2015 | P2: % réalisé/budget
B4: Produits
B5: ANTENNE MAULEON / ODACE | C5: 46013.55 | D5: 46637 | E5: =SUMPRODUCT((#REF!="ANTENNE MAULEON / ODACE")*(#REF!="Produits")*(#REF!="CST")*(#REF!="DEVECO"),(#REF!)) -> #REF! | F5: =SUMPRODUCT(('05.10'!$E$1:$E$1897="ANTENNE MAULEON / ODACE")*('05.10'!$U$1:$U$1897="Produits")*('05.10'!$T$1:$T$1897="CST")*('05.10'!$R$1:$R$1897="DEVECO"),('05.10'!$L$1:$L$1897)) -> 48424 | G5: =SUMPRODUCT(('05.10'!$E$1:$E$1897="ANTENNE MAULEON / ODACE")*('05.10'!$U$1:$U$1897="Produits")*('05.10'!$T$1:$T$1897="CST")*('05.10'!$R$1:$R$1897="DEVECO"),('05.10'!$P$1:$P$1897)) -> 50438 | H5: =SUMPRODUCT(('05.10'!$E$1:$E$1897="ANTENNE MAULEON / ODACE")*('05.10'!$U$1:$U$1897="Produits")*('05.10'!$T$1:$T$1897="CST")*('05.10'!$R$1:$R$1897="DEVECO"),('05.10'!$Q$1:$Q$1897)) -> 48306 | I5: =+(F5-D5)/D5 -> 0.038317216 | K5: =SUMPRODUCT((#REF!="ANTENNE MAULEON / ODACE")*(#REF!="Produits")*(#REF!="CST")*(#REF!="DEVECO"),(#REF!)) -> #REF! | L5: =SUMPRODUCT((#REF!="ANTENNE MAULEON / ODACE")*(#REF!="Produits")*(#REF!="CST")*(#REF!="DEVECO"),(#REF!))-$K5 -> #REF! | M5: =SUMPRODUCT(('05.10'!$E$1:$E$1897="ANTENNE MAULEON / ODACE")*('05.10'!$F$1:$F$1897="*")*('05.10'!$U$1:$U$1897="Produits")*('05.10'!$T$1:$T$1897="CST")*('05.10'!$R$1:$R$1897="DEVECO"),('05.10'!$O$1:$O$1897))-$K5-$L5 -> #REF! | O5: =+K5+L5+M5+N5 -> #REF! | P5: =+O5/E5 -> #REF!
B6: CLUSTER TOURISME / GOAZEN | C6: 15449.7 | D6: 12342.33 | E6: =SUMPRODUCT((#REF!="CLUSTER TOURISME / GOAZEN")*(#REF!="Produits")*(#REF!="CST")*(#REF!="DEVECO"),(#REF!)) -> #REF! | F6: =SUMPRODUCT(('05.10'!$E$1:$E$1897="CLUSTER TOURISME / GOAZEN")*('05.10'!$U$1:$U$1897="Produits")*('05.10'!$T$1:$T$1897="CST")*('05.10'!$R$1:$R$1897="DEVECO"),('05.10'!$L$1:$L$1897)) -> 12500 | G6: =SUMPRODUCT(('05.10'!$E$1:$E$1897="CLUSTER TOURISME / GOAZEN")*('05.10'!$U$1:$U$1897="Produits")*('05.10'!$T$1:$T$1897="CST")*('05.10'!$R$1:$R$1897="DEVECO"),('05.10'!$P$1:$P$1897)) -> 57000 | H6: =SUMPRODUCT(('05.10'!$E$1:$E$1897="CLUSTER TOURISME / GOAZEN")*('05.10'!$U$1:$U$1897="Produits")*('05.10'!$T$1:$T$1897="CST")*('05.10'!$R$1:$R$1897="DEVECO"),('05.10'!$Q$1:$Q$1897)) -> 57000 | I6: =+(F6-D6)/D6 -> 0.012774735 | K6: =SUMPRODUCT((#REF!="CLUSTER TOURISME / GOAZEN")*(#REF!="Produits")*(#REF!="CST")*(#REF!="DEVECO"),(#REF!)) -> #REF! | L6: =SUMPRODUCT((#REF!="CLUSTER TOURISME / GOAZEN")*(#REF!="Produits")*(#REF!="CST")*(#REF!="DEVECO"),(#REF!))-$K6 -> #REF! | M6: =SUMPRODUCT(('05.10'!$E$1:$E$1897="CLUSTER TOURISME / GOAZEN")*('05.10'!$U$1:$U$1897="Produits")*('05.10'!$T$1:$T$1897="CST")*('05.10'!$R$1:$R$1897="DEVECO"),('05.10'!$O$1:$O$1897))-$K6-L6 -> #REF! | O6: =+K6+L6+M6+N6 -> #REF! | P6: =+O6/E6 -> #REF!
B7: COMMERCE RURAL | C7: 0 | D7: 7000.02 | E7: =SUMPRODUCT((#REF!="COMMERCE RURAL")*(#REF!="Produits")*(#REF!="CST")*(#REF!="DEVECO"),(#REF!)) -> #REF! | F7: =SUMPRODUCT(('05.10'!$E$1:$E$1897="COMMERCE RURAL")*('05.10'!$U$1:$U$1897="Produits")*('05.10'!$T$1:$T$1897="CST")*('05.10'!$R$1:$R$1897="DEVECO"),('05.10'!$L$1:$L$1897)) -> 0 | G7: =SUMPRODUCT(('05.10'!$E$1:$E$1897="COMMERCE RURAL")*('05.10'!$U$1:$U$1897="Produits")*('05.10'!$T$1:$T$1897="CST")*('05.10'!$R$1:$R$1897="DEVECO"),('05.10'!$P$1:$P$1897)) -> 0 | H7: =SUMPRODUCT(('05.10'!$E$1:$E$1897="COMMERCE RURAL")*('05.10'!$U$1:$U$1897="Produits")*('05.10'!$T$1:$T$1897="CST")*('05.10'!$R$1:$R$1897="DEVECO"),('05.10'!$Q$1:$Q$1897)) -> 0 | I7: =+(F7-D7)/D7 -> -1 | K7: =SUMPRODUCT((#REF!="COMMERCE RURAL")*(#REF!="Produits")*(#REF!="CST")*(#REF!="DEVECO"),(#REF!)) -> #REF! | L7: =SUMPRODUCT((#REF!="COMMERCE RURAL")*(#REF!="Produits")*(#REF!="CST")*(#REF!="DEVECO"),(#REF!))-$K7 -> #REF! | M7: =SUMPRODUCT(('05.10'!$E$1:$E$1897="COMMERCE RURAL")*('05.10'!$U$1:$U$1897="Produits")*('05.10'!$T$1:$T$1897="CST")*('05.10'!$R$1:$R$1897="DEVECO"),('05.10'!$O$1:$O$1897))-$K7-$L7 -> #REF! | O7: =+K7+L7+M7+N7 -> #REF! | P7: =+O7/E7 -> #REF!
B8: COMMERCE URBAIN | C8: 4350 | D8: 2320 | E8: =SUMPRODUCT((#REF!="COMMERCE URBAIN")*(#REF!="Produits")*(#REF!="CST")*(#REF!="DEVECO"),(#REF!)) -> #REF! | F8: =SUMPRODUCT(('05.10'!$E$1:$E$1897="COMMERCE URBAIN")*('05.10'!$U$1:$U$1897="Produits")*('05.10'!$T$1:$T$1897="CST")*('05.10'!$R$1:$R$1897="DEVECO"),('05.10'!$L$1:$L$1897)) -> 13275 | G8: =SUMPRODUCT(('05.10'!$E$1:$E$1897="COMMERCE URBAIN")*('05.10'!$U$1:$U$1897="Produits")*('05.10'!$T$1:$T$1897="CST")*('05.10'!$R$1:$R$1897="DEVECO"),('05.10'!$P$1:$P$1897)) -> 25000 | H8: =SUMPRODUCT(('05.10'!$E$1:$E$1897="COMMERCE URBAIN")*('05.10'!$U$1:$U$1897="Produits")*('05.10'!$T$1:$T$1897="CST")*('05.10'!$R$1:$R$1897="DEVECO"),('05.10'!$Q$1:$Q$1897)) -> 25000 | I8: =+(F8-D8)/D8 -> 4.7219828 | K8: =SUMPRODUCT((#REF!="COMMERCE URBAIN")*(#REF!="Produits")*(#REF!="CST")*(#REF!="DEVECO"),(#REF!)) -> #REF! | L8: =SUMPRODUCT((#REF!="COMMERCE URBAIN")*(#REF!="Produits")*(#REF!="CST")*(#REF!="DEVECO"),(#REF!))-$K8 -> #REF! | M8: =SUMPRODUCT(('05.10'!$E$1:$E$1897="COMMERCE URBAIN")*('05.10'!$U$1:$U$1897="Produits")*('05.10'!$T$1:$T$1897="CST")*('05.10'!$R$1:$R$1897="DEVECO"),('05.10'!$O$1:$O$1897))-$K8-$L8 -> #REF! | O8: =+K8+L8+M8+N8 -> #REF! | P8: =+O8/E8 -> #REF!
B9: HOTELLERIE / TOURISME | C9: 7105.55 | D9: 1136.57 | E9: =SUMPRODUCT((#REF!="HOTELLERIE / TOURISME")*(#REF!="Produits")*(#REF!="CST")*(#REF!="DEVECO"),(#REF!)) -> #REF! | F9: =SUMPRODUCT(('05.10'!$E$1:$E$1897="HOTELLERIE / TOURISME")*('05.10'!$U$1:$U$1897="Produits")*('05.10'!$T$1:$T$1897="CST")*('05.10'!$R$1:$R$1897="DEVECO"),('05.10'!$L$1:$L$1897)) -> 0 | G9: =SUMPRODUCT(('05.10'!$E$1:$E$1897="HOTELLERIE / TOURISME")*('05.10'!$U$1:$U$1897="Produits")*('05.10'!$T$1:$T$1897="CST")*('05.10'!$R$1:$R$1897="DEVECO"),('05.10'!$P$1:$P$1897)) -> 0 | H9: =SUMPRODUCT(('05.10'!$E$1:$E$1897="HOTELLERIE / TOURISME")*('05.10'!$U$1:$U$1897="Produits")*('05.10'!$T$1:$T$1897="CST")*('05.10'!$R$1:$R$1897="DEVECO"),('05.10'!$Q$1:$Q$1897)) -> 0 | I9: =+(F9-D9)/D9 -> -1 | K9: =SUMPRODUCT((#REF!="HOTELLERIE / TOURISME")*(#REF!="Produits")*(#REF!="CST")*(#REF!="DEVECO"),(#REF!)) -> #REF! | L9: =SUMPRODUCT((#REF!="HOTELLERIE / TOURISME")*(#REF!="Produits")*(#REF!="CST")*(#REF!="DEVECO"),(#REF!))-$K9 -> #REF! | M9: =SUMPRODUCT(('05.10'!$E$1:$E$1897="HOTELLERIE / TOURISME")*('05.10'!$U$1:$U$1897="Produits")*('05.10'!$T$1:$T$1897="CST")*('05.10'!$R$1:$R$1897="DEVECO"),('05.10'!$O$1:$O$1897))-$K9-$L9 -> #REF! | O9: =+K9+L9+M9+N9 -> #REF! | P9: =+O9/E9 -> #REF!
B10: NOUVELLES PRESTATIONS | C10: 0 | D10: 0 | E10: 0 | F10: 0 | G10: =SUMPRODUCT((#REF!="PRE2")*(#REF!="Produits")*(#REF!="CST")*(#REF!="DEVECO"),(#REF!))+SUMPRODUCT((#REF!="PRE3")*(#REF!="Produits")*(#REF!="CST")*(#REF!="DEVECO"),(#REF!))+SUMPRODUCT((#REF!="PRE4")*(#REF!="Produits")*(#REF!="CST")*(#REF!="DEVECO"),(#REF!))+SUMPRODUCT((#REF!="PRE5")*(#REF!="Produits")*(#REF!="CST")*(#REF!="DEVECO"),(#REF!))+SUMPRODUCT((#REF!="PRE6")*(#REF!="Produits")*(#REF!="CST")*(#REF!="DEVECO"),(#REF!))+SUMPRODUCT((#REF!="PRE7")*(#REF!="Produits")*(#REF!="CST")*(#REF!="DEVECO"),(#REF!)) -> #REF! | H10: =SUMPRODUCT((#REF!="PRE2")*(#REF!="Produits")*(#REF!="CST")*(#REF!="DEVECO"),(#REF!))+SUMPRODUCT((#REF!="PRE3")*(#REF!="Produits")*(#REF!="CST")*(#REF!="DEVECO"),(#REF!))+SUMPRODUCT((#REF!="PRE4")*(#REF!="Produits")*(#REF!="CST")*(#REF!="DEVECO"),(#REF!))+SUMPRODUCT((#REF!="PRE5")*(#REF!="Produits")*(#REF!="CST")*(#REF!="DEVECO"),(#REF!))+SUMPRODUCT((#REF!="PRE6")*(#REF!="Produits")*(#REF!="CST")*(#REF!="DEVECO"),(#REF!))+SUMPRODUCT((#REF!="PRE7")*(#REF!="Produits")*(#REF!="CST")*(#REF!="DEVECO"),(#REF!))+SUMPRODUCT((#REF!="PRE8")*(#REF!="Produits")*(#REF!="CST")*(#REF!="DEVECO"),(#REF!)) -> #REF!
B11: Total produits | C11: =SUM(C5:C10) -> 72918.8 | D11: =SUM(D5:D10) -> 69435.92 | E11: =SUM(E5:E10) -> #REF! | F11: =SUM(F5:F10) -> 74199 | G11: =SUM(G5:G10) -> #REF! | H11: =SUM(H5:H10) -> #REF! | I11: =+(F11-D11)/D11 -> 0.068596772 | K11: =SUM(K5:K10) -> #REF! | L11: =SUM(L5:L10) -> #REF! | M11: =SUM(M5:M10) -> #REF! | N11: =SUM(N5:N10) -> 0 | O11: =SUM(O5:O9) -> #REF! | P11: =+O11/E11 -> #REF!
B13: Charges
B14: ANTENNE MAULEON / ODACE | C14: =55225.81+46014 -> 101239.81 | D14: =55488.43+46634 -> 102122.43 | E14: =-(SUMPRODUCT((#REF!="ANTENNE MAULEON / ODACE")*(#REF!="Charges")*(#REF!="CST")*(#REF!="DEVECO"),(#REF!))) -> #REF! | F14: =-(SUMPRODUCT(('05.10'!$E$1:$E$1897="ANTENNE MAULEON / ODACE")*('05.10'!$U$1:$U$1897="Charges")*('05.10'!$T$1:$T$1897="CST")*('05.10'!$R$1:$R$1897="DEVECO"),('05.10'!$L$1:$L$1897))) -> 103614 | G14: =-(SUMPRODUCT(('05.10'!$E$1:$E$1897="ANTENNE MAULEON / ODACE")*('05.10'!$U$1:$U$1897="Charges")*('05.10'!$T$1:$T$1897="CST")*('05.10'!$R$1:$R$1897="DEVECO"),('05.10'!$P$1:$P$1897))) -> 103375 | H14: =-(SUMPRODUCT(('05.10'!$E$1:$E$1897="ANTENNE MAULEON / ODACE")*('05.10'!$U$1:$U$1897="Charges")*('05.10'!$T$1:$T$1897="CST")*('05.10'!$R$1:$R$1897="DEVECO"),('05.10'!$Q$1:$Q$1897))) -> 103496 | I14: =+(F14-D14)/D14 -> 0.014605704 | K14: =-(SUMPRODUCT((#REF!="ANTENNE MAULEON / ODACE")*(#REF!="charges")*(#REF!="CST")*(#REF!="DEVECO"),(#REF!))) -> #REF! | L14: =-(SUMPRODUCT((#REF!="ANTENNE MAULEON / ODACE")*(#REF!="Charges")*(#REF!="CST")*(#REF!="DEVECO"),(#REF!)))-$K$14 -> #REF! | M14: =-(SUMPRODUCT(('05.10'!$E$1:$E$1897="ANTENNE MAULEON / ODACE")*('05.10'!$F$1:$F$1897="*")*('05.10'!$U$1:$U$1897="Charges")*('05.10'!$T$1:$T$1897="CST")*('05.10'!$R$1:$R$1897="DEVECO"),('05.10'!$O$1:$O$1897)))-$K$14-$L$14 -> #REF! | O14: =+K14+L14+M14+N14 -> #REF! | P14: =+O14/E14 -> #REF!
B15: CLUSTER TOURISME / GOAZEN | C15: 90134 | D15: =98292 -> 98292 | E15: =-(SUMPRODUCT((#REF!="CLUSTER TOURISME / GOAZEN")*(#REF!="Charges")*(#REF!="CST")*(#REF!="DEVECO"),(#REF!))) -> #REF! | F15: =-(SUMPRODUCT(('05.10'!$E$1:$E$1897="CLUSTER TOURISME / GOAZEN")*('05.10'!$U$1:$U$1897="Charges")*('05.10'!$T$1:$T$1897="CST")*('05.10'!$R$1:$R$1897="DEVECO"),('05.10'!$L$1:$L$1897))) -> 89861 | G15: =-(SUMPRODUCT(('05.10'!$E$1:$E$1897="CLUSTER TOURISME / GOAZEN")*('05.10'!$U$1:$U$1897="Charges")*('05.10'!$T$1:$T$1897="CST")*('05.10'!$R$1:$R$1897="DEVECO"),('05.10'!$P$1:$P$1897))) -> 89255 | H15: =-(SUMPRODUCT(('05.10'!$E$1:$E$1897="CLUSTER TOURISME / GOAZEN")*('05.10'!$U$1:$U$1897="Charges")*('05.10'!$T$1:$T$1897="CST")*('05.10'!$R$1:$R$1897="DEVECO"),('05.10'!$Q$1:$Q$1897))) -> 89376 | I15: =+(F15-D15)/D15 -> -0.085775038 | K15: =-(SUMPRODUCT((#REF!="CLUSTER TOURISME / GOAZEN")*(#REF!="Charges")*(#REF!="CST")*(#REF!="DEVECO"),(#REF!))) -> #REF! | L15: =-(SUMPRODUCT((#REF!="CLUSTER TOURISME / GOAZEN")*(#REF!="Charges")*(#REF!="CST")*(#REF!="DEVECO"),(#REF!)))-$K$15 -> #REF! | M15: =-(SUMPRODUCT(('05.10'!$E$1:$E$1897="CLUSTER TOURISME / GOAZEN")*('05.10'!$U$1:$U$1897="Charges")*('05.10'!$T$1:$T$1897="CST")*('05.10'!$R$1:$R$1897="DEVECO"),('05.10'!$O$1:$O$1897)))-K15-L15 -> #REF! | O15: =+K15+L15+M15+N15 -> #REF! | P15: =+O15/E15 -> #REF!
B16: COMMERCE RURAL | C16: 75011 | D16: 76408 | E16: =-(SUMPRODUCT((#REF!="COMMERCE RURAL")*(#REF!="Charges")*(#REF!="CST")*(#REF!="DEVECO"),(#REF!))) -> #REF! | F16: =-(SUMPRODUCT(('05.10'!$E$1:$E$1897="COMMERCE RURAL")*('05.10'!$U$1:$U$1897="Charges")*('05.10'!$T$1:$T$1897="CST")*('05.10'!$R$1:$R$1897="DEVECO"),('05.10'!$L$1:$L$1897))) -> 700 | G16: =-(SUMPRODUCT(('05.10'!$E$1:$E$1897="COMMERCE RURAL")*('05.10'!$U$1:$U$1897="Charges")*('05.10'!$T$1:$T$1897="CST")*('05.10'!$R$1:$R$1897="DEVECO"),('05.10'!$P$1:$P$1897))) -> 0 | H16: =-(SUMPRODUCT(('05.10'!$E$1:$E$1897="COMMERCE RURAL")*('05.10'!$U$1:$U$1897="Charges")*('05.10'!$T$1:$T$1897="CST")*('05.10'!$R$1:$R$1897="DEVECO"),('05.10'!$Q$1:$Q$1897))) -> 0 | I16: =+(F16-D16)/D16 -> -0.99083866 | K16: =-(SUMPRODUCT((#REF!="COMMERCE RURAL")*(#REF!="Charges")*(#REF!="CST")*(#REF!="DEVECO"),(#REF!))) -> #REF! | L16: =-(SUMPRODUCT((#REF!="COMMERCE RURAL")*(#REF!="Charges")*(#REF!="CST")*(#REF!="DEVECO"),(#REF!)))-$K$16 -> #REF! | M16: =-(SUMPRODUCT(('05.10'!$E$1:$E$1897="COMMERCE RURAL")*('05.10'!$U$1:$U$1897="Charges")*('05.10'!$T$1:$T$1897="CST")*('05.10'!$R$1:$R$1897="DEVECO"),('05.10'!$O$1:$O$1897)))-K16-L16 -> #REF! | O16: =+K16+L16+M16+N16 -> #REF! | P16: =+O16/E16 -> #REF!
B17: COMMERCE URBAIN | C17: 107102 | D17: 155630 | E17: =-(SUMPRODUCT((#REF!="COMMERCE URBAIN")*(#REF!="Charges")*(#REF!="CST")*(#REF!="DEVECO"),(#REF!))) -> #REF! | F17: =-(SUMPRODUCT(('05.10'!$E$1:$E$1897="COMMERCE URBAIN")*('05.10'!$U$1:$U$1897="Charges")*('05.10'!$T$1:$T$1897="CST")*('05.10'!$R$1:$R$1897="DEVECO"),('05.10'!$L$1:$L$1897))) -> 237206 | G17: =-(SUMPRODUCT(('05.10'!$E$1:$E$1897="COMMERCE URBAIN")*('05.10'!$U$1:$U$1897="Charges")*('05.10'!$T$1:$T$1897="CST")*('05.10'!$R$1:$R$1897="DEVECO"),('05.10'!$P$1:$P$1897))) -> 232719 | H17: =-(SUMPRODUCT(('05.10'!$E$1:$E$1897="COMMERCE URBAIN")*('05.10'!$U$1:$U$1897="Charges")*('05.10'!$T$1:$T$1897="CST")*('05.10'!$R$1:$R$1897="DEVECO"),('05.10'!$Q$1:$Q$1897))) -> 232946 | I17: =+(F17-D17)/D17 -> 0.52416629 | K17: =-(SUMPRODUCT((#REF!="COMMERCE URBAIN")*(#REF!="Charges")*(#REF!="CST")*(#REF!="DEVECO"),(#REF!))) -> #REF! | L17: =-(SUMPRODUCT((#REF!="COMMERCE URBAIN")*(#REF!="Charges")*(#REF!="CST")*(#REF!="DEVECO"),(#REF!)))-$K$17 -> #REF! | M17: =-(SUMPRODUCT(('05.10'!$E$1:$E$1897="COMMERCE URBAIN")*('05.10'!$U$1:$U$1897="Charges")*('05.10'!$T$1:$T$1897="CST")*('05.10'!$R$1:$R$1897="DEVECO"),('05.10'!$O$1:$O$1897)))-K17-L17 -> #REF! | O17: =+K17+L17+M17+N17 -> #REF! | P17: =+O17/E17 -> #REF!
B18: HOTELLERIE / TOURISME | C18: 50562 | D18: 50741 | E18: =-(SUMPRODUCT((#REF!="HOTELLERIE / TOURISME")*(#REF!="Charges")*(#REF!="CST")*(#REF!="DEVECO"),(#REF!))) -> #REF! | F18: =-(SUMPRODUCT(('05.10'!$E$1:$E$1897="HOTELLERIE / TOURISME")*('05.10'!$U$1:$U$1897="Charges")*('05.10'!$T$1:$T$1897="CST")*('05.10'!$R$1:$R$1897="DEVECO"),('05.10'!$L$1:$L$1897))) -> 54094 | G18: =-(SUMPRODUCT(('05.10'!$E$1:$E$1897="HOTELLERIE / TOURISME")*('05.10'!$U$1:$U$1897="Charges")*('05.10'!$T$1:$T$1897="CST")*('05.10'!$R$1:$R$1897="DEVECO"),('05.10'!$P$1:$P$1897))) -> 57181 | H18: =-(SUMPRODUCT(('05.10'!$E$1:$E$1897="HOTELLERIE / TOURISME")*('05.10'!$U$1:$U$1897="Charges")*('05.10'!$T$1:$T$1897="CST")*('05.10'!$R$1:$R$1897="DEVECO"),('05.10'!$Q$1:$Q$1897))) -> 57204 | I18: =+(F18-D18)/D18 -> 0.066080684 | K18: =-(SUMPRODUCT((#REF!="HOTELLERIE / TOURISME")*(#REF!="Charges")*(#REF!="CST")*(#REF!="DEVECO"),(#REF!))) -> #REF! | L18: =-(SUMPRODUCT((#REF!="HOTELLERIE / TOURISME")*(#REF!="Charges")*(#REF!="CST")*(#REF!="DEVECO"),(#REF!)))-$K$18 -> #REF! | M18: =-(SUMPRODUCT(('05.10'!$E$1:$E$1897="HOTELLERIE / TOURISME")*('05.10'!$U$1:$U$1897="Charges")*('05.10'!$T$1:$T$1897="CST")*('05.10'!$R$1:$R$1897="DEVECO"),('05.10'!$O$1:$O$1897)))-K18-L18 -> #REF! | O18: =+K18+L18+M18+N18 -> #REF! | P18: =+O18/E18 -> #REF!
B19: NOUVELLES PRESTATIONS | C19: 0 | D19: 0 | E19: 0 | F19: 0
B20: Total Charges | C20: =SUM(C14:C19) -> 424048.81 | D20: =SUM(D14:D19) -> 483193.43 | E20: =SUM(E14:E19) -> #REF! | F20: =SUM(F14:F19) -> 485475 | G20: =SUM(G14:G19) -> 482530 | H20: =SUM(H14:H19) -> 483022 | I20: =+(F20-D20)/D20 -> 0.0047218564 | K20: =SUM(K14:K19) -> #REF! | L20: =SUM(L14:L19) -> #REF! | M20: =SUM(M14:M19) -> #REF! | N20: =SUM(N14:N19) -> 0 | O20: =SUM(O14:O18) -> #REF! | P20: =+O20/E20 -> #REF!
B22: Ressource fiscale affectée
B23: ANTENNE MAULEON / ODACE | C23: =C5-C14 -> -55226.26 | D23: =D5-D14 -> -55485.43 | E23: =+E5-E14 -> #REF! | F23: =+F5-F14 -> -55190 | G23: =+G5-G14 -> -52937 | H23: =+H5-H14 -> -55190 | I23: =+I5-I14 -> 0.023711512 | K23: =K5-K14 -> #REF! | L23: =L5-L14 -> #REF! | M23: =M5-M14 -> #REF! | O23: =+K23+L23+M23+N23 -> #REF! | P23: =+O23/E23 -> #REF!
B24: CLUSTER TOURISME / GOAZEN | C24: =C6-C15 -> -74684.3 | D24: =D6-D15 -> -85949.67 | E24: =+E6-E15 -> #REF! | F24: =+F6-F15 -> -77361 | G24: =+G6-G15 -> -32255 | H24: =+H6-H15 -> -32376 | I24: =+I6-I15 -> 0.098549773 | K24: =K6-K15 -> #REF! | L24: =L6-L15 -> #REF! | M24: =M6-M15 -> #REF! | O24: =+K24+L24+M24+N24 -> #REF! | P24: =+O24/E24 -> #REF!
B25: COMMERCE RURAL | C25: =C7-C16 -> -75011 | D25: =D7-D16 -> -69407.98 | E25: =+E7-E16 -> #REF! | F25: =+F7-F16 -> -700 | G25: =+G7-G16 -> 0 | H25: =+H7-H16 -> 0 | I25: =+I7-I16 -> -0.0091613444 | K25: =K7-K16 -> #REF! | L25: =L7-L16 -> #REF! | M25: =M7-M16 -> #REF! | O25: =+K25+L25+M25+N25 -> #REF! | P25: =+O25/E25 -> #REF!
B26: COMMERCE URBAIN | C26: =C8-C17 -> -102752 | D26: =D8-D17 -> -153310 | E26: =+E8-E17 -> #REF! | F26: =+F8-F17 -> -223931 | G26: =+G8-G17 -> -207719 | H26: =+H8-H17 -> -207946 | I26: =+I8-I17 -> 4.1978165 | K26: =K8-K17 -> #REF! | L26: =L8-L17 -> #REF! | M26: =M8-M17 -> #REF! | O26: =+K26+L26+M26+N26 -> #REF! | P26: =+O26/E26 -> #REF!
B27: HOTELLERIE / TOURISME | C27: =C9-C18 -> -43456.45 | D27: =D9-D18 -> -49604.43 | E27: =+E9-E18 -> #REF! | F27: =+F9-F18 -> -54094 | G27: =+G9-G18 -> -57181 | H27: =+H9-H18 -> -57204 | I27: =+I9-I18 -> -1.0660807 | K27: =K9-K18 -> #REF! | L27: =L9-L18 -> #REF! | M27: =M9-M18 -> #REF! | O27: =+K27+L27+M27+N27 -> #REF! | P27: =+O27/E27 -> #REF!
B28: NOUVELLES PRESTATIONS | C28: 0 | D28: 0 | E28: 0 | F28: 0
B29: Total Ressource fiscale affectée | C29: =+C11-C20 -> -351130.01 | D29: =+D11-D20 -> -413757.51 | E29: =+E11-E20 -> #REF! | F29: =+F11-F20 -> -411276 | G29: =+G11-G20 -> #REF! | H29: =+H11-H20 -> #REF! | I29: =+(E29-D29)/D29 -> #REF! | K29: =+K11-K20 -> #REF! | L29: =+L11-L20 -> #REF! | M29: =+M11-M20 -> #REF! | N29: =+N11+N20 -> 0 | O29: =+O11+O20 -> #REF! | P29: =+O29/E29 -> #REF!
B31: Provisions | C31: -331 | D31: -560 | E31: =SUMPRODUCT((#REF!="*")*(#REF!="Provisions")*(#REF!="CST")*(#REF!="DEVECO"),(#REF!)) -> #REF! | F31: =SUMPRODUCT(('05.10'!$F$1:$F$1897="*")*('05.10'!$U$1:$U$1897="Provisions")*('05.10'!$T$1:$T$1897="CST")*('05.10'!$R$1:$R$1897="DEVECO"),('05.10'!$L$1:$L$1897)) -> -408 | G31: =SUMPRODUCT(('05.10'!$F$1:$F$1897="*")*('05.10'!$U$1:$U$1897="Provisions")*('05.10'!$T$1:$T$1897="CST")*('05.10'!$R$1:$R$1897="DEVECO"),('05.10'!$P$1:$P$1897)) -> 0 | H31: =SUMPRODUCT(('05.10'!$F$1:$F$1897="*")*('05.10'!$U$1:$U$1897="Provisions")*('05.10'!$T$1:$T$1897="CST")*('05.10'!$R$1:$R$1897="DEVECO"),('05.10'!$Q$1:$Q$1897)) -> 0 | K31: =SUMPRODUCT((#REF!="*")*(#REF!="Provisions")*(#REF!="CST")*(#REF!="DEVECO"),(#REF!)) -> #REF! | L31: =SUMPRODUCT((#REF!="Provisions")*(#REF!="CST")*(#REF!="DEVECO"),(#REF!))-K31 -> #REF! | M31: =SUMPRODUCT(('05.10'!$F$1:$F$1897="*")*('05.10'!$U$1:$U$1897="Provisions")*('05.10'!$T$1:$T$1897="CST")*('05.10'!$R$1:$R$1897="DEVECO"),('05.10'!$O$1:$O$1897))-K31-L31 -> #REF!
B33: Résultat net | C33: =C29+C31 -> -351461.01 | D33: =D29+D31 -> -414317.51 | E33: =E29+E31 -> #REF! | F33: =F29+F31 -> -411684 | G33: =G29+G31 -> #REF! | H33: =H29+H31 -> #REF! | I33: =I29+I31 -> #REF! | K33: =K29+K31 -> #REF! | L33: =L29+L31 -> #REF! | M33: =M29+M31 -> #REF! | N33: =N29+N31 -> 0 | O33: =O29+O31 -> #REF!

Sheet 05.10
A1: Année | B1: Société | C1: Ets | D1: Section | E1: Lib section | F1: Action | G1: Chapitre | H1: Lib chapitre | I1: Compte | J1: Libellé compte | K1: N-1 Exé | L1: Simulé | M1: Dernier voté | N1: Engagé | O1: Cptabilisé | P1: N+1 Prim | Q1: N+2 | R1: DEVECO 1 | S1: DEVECO 2 | T1: DEVECO 3 | U1: Produit/ Charges
A2: 2015 | B2: 10 | D2: 44 | E2: GESTION DU PERSONNEL | F2: PEC | G2: 67 | H2: CHARGES EXCEPTIONNELLES | I2: 671800 | J2: AUTRES CHARGES EXCEPTION- | K2: -44057 | L2: 0 | M2: 0 | P2: 0 | Q2: 0 | R2: =+VLOOKUP($D2,TP!$B:$E,3,FALSE) -> Services support | S2: =+VLOOKUP($D2,TP!$B:$E,4,FALSE) -> 0 | T2: =+VLOOKUP($D2,TP!$B:$F,5,FALSE) -> 0 | U2: =+VLOOKUP($G2,TP!$G:$J,4,FALSE) -> Charges
A3: 2015 | B3: 10 | D3: 44 | E3: GESTION DU PERSONNEL | F3: PEC | G3: 78 | H3: REPRISES S/AMORTISSEMENTS | I3: 781500 | J3: REPRISES S/ PROVISIONS P/ | K3: 22285 | L3: 0 | M3: 0 | P3: 0 | Q3: 0 | R3: =+VLOOKUP($D3,TP!$B:$E,3,FALSE) -> Services support | S3: =+VLOOKUP($D3,TP!$B:$E,4,FALSE) -> 0 | T3: =+VLOOKUP($D3,TP!$B:$F,5,FALSE) -> 0 | U3: =+VLOOKUP($G3,TP!$G:$J,4,FALSE) -> Provisions
A4: 2015 | B4: 10 | D4: 44 | E4: GESTION DU PERSONNEL | F4: * | G4: 28 | H4: AMORTISSEMENTS DES IMMO - | I4: 281832 | J4: AMORTISSEMENTS MATERIEL | K4: 470.7 | L4: 0 | M4: 0 | P4: 0 | Q4: 0 | R4: =+VLOOKUP($D4,TP!$B:$E,3,FALSE) -> Services support | S4: =+VLOOKUP($D4,TP!$B:$E,4,FALSE) -> 0 | T4: =+VLOOKUP($D4,TP!$B:$F,5,FALSE) -> 0 | U4: =+VLOOKUP($G4,TP!$G:$J,4,FALSE)
A5: 2015 | B5: 10 | D5: 44 | E5: GESTION DU PERSONNEL | F5: * | G5: 60 | H5: ACHATS | I5: 606320 | J5: PETIT MATERIEL-OUTILLAGE | K5: 0 | L5: -400 | M5: -100 | P5: -100 | Q5: -100 | R5: =+VLOOKUP($D5,TP!$B:$E,3,FALSE) -> Services support | S5: =+VLOOKUP($D5,TP!$B:$E,4,FALSE) -> 0 | T5: =+VLOOKUP($D5,TP!$B:$F,5,FALSE) -> 0 | U5: =+VLOOKUP($G5,TP!$G:$J,4,FALSE) -> Charges
A6: 2015 | B6: 10 | D6: 44 | E6: GESTION DU PERSONNEL | F6: * | G6: 60 | H6: ACHATS | I6: 606320 | J6: PETIT MATERIEL-OUTILLAGE | O6: -377.88 | R6: =+VLOOKUP($D6,TP!$B:$E,3,FALSE) -> Services support | S6: =+VLOOKUP($D6,TP!$B:$E,4,FALSE) -> 0 | T6: =+VLOOKUP($D6,TP!$B:$F,5,FALSE) -> 0 | U6: =+VLOOKUP($G6,TP!$G:$J,4,FALSE) -> Charges
A7: 2015 | B7: 10 | D7: 44 | E7: GESTION DU PERSONNEL | F7: * | G7: 60 | H7: ACHATS | I7: 606320 | J7: PETIT MATERIEL-OUTILLAGE | O7: -24.99 | R7: =+VLOOKUP($D7,TP!$B:$E,3,FALSE) -> Services support | S7: =+VLOOKUP($D7,TP!$B:$E,4,FALSE) -> 0 | T7: =+VLOOKUP($D7,TP!$B:$F,5,FALSE) -> 0 | U7: =+VLOOKUP($G7,TP!$G:$J,4,FALSE) -> Charges
A8: 2015 | B8: 10 | D8: 44 | E8: GESTION DU PERSONNEL | F8: * | G8: 60 | H8: ACHATS | I8: 606410 | J8: FOURNITURES DE BUREAU | K8: -590.09 | L8: -800 | M8: -700 | P8: -700 | Q8: -700 | R8: =+VLOOKUP($D8,TP!$B:$E,3,FALSE) -> Services support | S8: =+VLOOKUP($D8,TP!$B:$E,4,FALSE) -> 0 | T8: =+VLOOKUP($D8,TP!$B:$F,5,FALSE) -> 0 | U8: =+VLOOKUP($G8,TP!$G:$J,4,FALSE) -> Charges
A9: 2015 | B9: 10 | D9: 44 | E9: GESTION DU PERSONNEL | F9: * | G9: 60 | H9: ACHATS | I9: 606410 | J9: FOURNITURES DE BUREAU | O9: -43.14 | R9: =+VLOOKUP($D9,TP!$B:$E,3,FALSE) -> Services support | S9: =+VLOOKUP($D9,TP!$B:$E,4,FALSE) -> 0 | T9: =+VLOOKUP($D9,TP!$B:$F,5,FALSE) -> 0 | U9: =+VLOOKUP($G9,TP!$G:$J,4,FALSE) -> Charges
A10: 2015 | B10: 10 | D10: 44 | E10: GESTION DU PERSONNEL | F10: * | G10: 60 | H10: ACHATS | I10: 606410 | J10: FOURNITURES DE BUREAU | O10: -67.27 | R10: =+VLOOKUP($D10,TP!$B:$E,3,FALSE) -> Services support | S10: =+VLOOKUP($D10,TP!$B:$E,4,FALSE) -> 0 | T10: =+VLOOKUP($D10,TP!$B:$F,5,FALSE) -> 0 | U10: =+VLOOKUP($G10,TP!$G:$J,4,FALSE) -> Charges
A11: 2015 | B11: 10 | D11: 44 | E11: GESTION DU PERSONNEL | F11: * | G11: 60 | H11: ACHATS | I11: 606410 | J11: FOURNITURES DE BUREAU | O11: -230.4 | R11: =+VLOOKUP($D11,TP!$B:$E,3,FALSE) -> Services support | S11: =+VLOOKUP($D11,TP!$B:$E,4,FALSE) -> 0 | T11: =+VLOOKUP($D11,TP!$B:$F,5,FALSE) -> 0 | U11: =+VLOOKUP($G11,TP!$G:$J,4,FALSE) -> Charges
A12: 2015 | B12: 10 | D12: 44 | E12: GESTION DU PERSONNEL | F12: * | G12: 60 | H12: ACHATS | I12: 606410 | J12: FOURNITURES DE BUREAU | O12: -72.78 | R12: =+VLOOKUP($D12,TP!$B:$E,3,FALSE) -> Services support | S12: =+VLOOKUP($D12,TP!$B:$E,4,FALSE) -> 0 | T12: =+VLOOKUP($D12,TP!$B:$F,5,FALSE) -> 0 | U12: =+VLOOKUP($G12,TP!$G:$J,4,FALSE) -> Charges
A13: 2015 | B13: 10 | D13: 44 | E13: GESTION DU PERSONNEL | F13: * | G13: 60 | H13: ACHATS | I13: 606410 | J13: FOURNITURES DE BUREAU | O13: -3.98 | R13: =+VLOOKUP($D13,TP!$B:$E,3,FALSE) -> Services support | S13: =+VLOOKUP($D13,TP!$B:$E,4,FALSE) -> 0 | T13: =+VLOOKUP($D13,TP!$B:$F,5,FALSE) -> 0 | U13: =+VLOOKUP($G13,TP!$G:$J,4,FALSE) -> Charges
A14: 2015 | B14: 10 | D14: 44 | E14: GESTION DU PERSONNEL | F14: * | G14: 60 | H14: ACHATS | I14: 606410 | J14: FOURNITURES DE BUREAU | O14: -70.58 | R14: =+VLOOKUP($D14,TP!$B:$E,3,FALSE) -> Services support | S14: =+VLOOKUP($D14,TP!$B:$E,4,FALSE) -> 0 | T14: =+VLOOKUP($D14,TP!$B:$F,5,FALSE) -> 0 | U14: =+VLOOKUP($G14,TP!$G:$J,4,FALSE) -> Charges
A15: 2015 | B15: 10 | D15: 44 | E15: GESTION DU PERSONNEL | F15: * | G15: 60 | H15: ACHATS | I15: 606410 | J15: FOURNITURES DE BUREAU | O15: -11.4 | R15: =+VLOOKUP($D15,TP!$B:$E,3,FALSE) -> Services support | S15: =+VLOOKUP($D15,TP!$B:$E,4,FALSE) -> 0 | T15: =+VLOOKUP($D15,TP!$B:$F,5,FALSE) -> 0 | U15: =+VLOOKUP($G15,TP!$G:$J,4,FALSE) -> Charges
A16: 2015 | B16: 10 | D16: 44 | E16: GESTION DU PERSONNEL | F16: * | G16: 60 | H16: ACHATS | I16: 606410 | J16: FOURNITURES DE BUREAU | O16: -61.2 | R16: =+VLOOKUP($D16,TP!$B:$E,3,FALSE) -> Services support | S16: =+VLOOKUP($D16,TP!$B:$E,4,FALSE) -> 0 | T16: =+VLOOKUP($D16,TP!$B:$F,5,FALSE) -> 0 | U16: =+VLOOKUP($G16,TP!$G:$J,4,FALSE) -> Charges
A17: 2015 | B17: 10 | D17: 44 | E17: GESTION DU PERSONNEL | F17: * | G17: 60 | H17: ACHATS | I17: 606410 | J17: FOURNITURES DE BUREAU | O17: -53.11 | R17: =+VLOOKUP($D17,TP!$B:$E,3,FALSE) -> Services support | S17: =+VLOOKUP($D17,TP!$B:$E,4,FALSE) -> 0 | T17: =+VLOOKUP($D17,TP!$B:$F,5,FALSE) -> 0 | U17: =+VLOOKUP($G17,TP!$G:$J,4,FALSE) -> Charges
A18: 2015 | B18: 10 | D18: 44 | E18: GESTION DU PERSONNEL | F18: * | G18: 60 | H18: ACHATS | I18: 606410 | J18: FOURNITURES DE BUREAU | O18: -40.58 | R18: =+VLOOKUP($D18,TP!$B:$E,3,FALSE) -> Services support | S18: =+VLOOKUP($D18,TP!$B:$E,4,FALSE) -> 0 | T18: =+VLOOKUP($D18,TP!$B:$F,5,FALSE) -> 0 | U18: =+VLOOKUP($G18,TP!$G:$J,4,FALSE) -> Charges
A19: 2015 | B19: 10 | D19: 44 | E19: GESTION DU PERSONNEL | F19: * | G19: 60 | H19: ACHATS | I19: 606430 | J19: COMSOMMABLE INFORMATIQUE | K19: -15.74 | L19: 0 | M19: 0 | P19: 0 | Q19: 0 | R19: =+VLOOKUP($D19,TP!$B:$E,3,FALSE) -> Services support | S19: =+VLOOKUP($D19,TP!$B:$E,4,FALSE) -> 0 | T19: =+VLOOKUP($D19,TP!$B:$F,5,FALSE) -> 0 | U19: =+VLOOKUP($G19,TP!$G:$J,4,FALSE) -> Charges
A20: 2015 | B20: 10 | D20: 44 | E20: GESTION DU PERSONNEL | F20: * | G20: 61 | H20: SERVICES EXTERIEURS | I20: 615610 | J20: MAINTENANCE | O20: -50.62 | R20: =+VLOOKUP($D20,TP!$B:$E,3,FALSE) -> Services support | S20: =+VLOOKUP($D20,TP!$B:$E,4,FALSE) -> 0 | T20: =+VLOOKUP($D20,TP!$B:$F,5,FALSE) -> 0 | U20: =+VLOOKUP($G20,TP!$G:$J,4,FALSE) -> Charges
A21: 2015 | B21: 10 | D21: 44 | E21: GESTION DU PERSONNEL | F21: * | G21: 61 | H21: SERVICES EXTERIEURS | I21: 615610 | J21: MAINTENANCE | O21: 50.62 | R21: =+VLOOKUP($D21,TP!$B:$E,3,FALSE) -> Services support | S21: =+VLOOKUP($D21,TP!$B:$E,4,FALSE) -> 0 | T21: =+VLOOKUP($D21,TP!$B:$F,5,FALSE) -> 0 | U21: =+VLOOKUP($G21,TP!$G:$J,4,FALSE) -> Charges
A22: 2015 | B22: 10 | D22: 44 | E22: GESTION DU PERSONNEL | F22: * | G22: 61 | H22: SERVICES EXTERIEURS | I22: 615610 | J22: MAINTENANCE | K22: -155.04 | L22: -150 | M22: 0 | P22: -150 | Q22: -150 | R22: =+VLOOKUP($D22,TP!$B:$E,3,FALSE) -> Services support | S22: =+VLOOKUP($D22,TP!$B:$E,4,FALSE) -> 0 | T22: =+VLOOKUP($D22,TP!$B:$F,5,FALSE) -> 0 | U22: =+VLOOKUP($G22,TP!$G:$J,4,FALSE) -> Charges
A23: 2015 | B23: 10 | D23: 44 | E23: GESTION DU PERSONNEL | F23: * | G23: 61 | H23: SERVICES EXTERIEURS | I23: 615610 | J23: MAINTENANCE | O23: -39.02 | R23: =+VLOOKUP($D23,TP!$B:$E,3,FALSE) -> Services support | S23: =+VLOOKUP($D23,TP!$B:$E,4,FALSE) -> 0 | T23: =+VLOOKUP($D23,TP!$B:$F,5,FALSE) -> 0 | U23: =+VLOOKUP($G23,TP!$G:$J,4,FALSE) -> Charges
A24: 2015 | B24: 10 | D24: 44 | E24: GESTION DU PERSONNEL | F24: * | G24: 61 | H24: SERVICES EXTERIEURS | I24: 615610 | J24: MAINTENANCE | O24: -48.3 | R24: =+VLOOKUP($D24,TP!$B:$E,3,FALSE) -> Services support | S24: =+VLOOKUP($D24,TP!$B:$E,4,FALSE) -> 0 | T24: =+VLOOKUP($D24,TP!$B:$F,5,FALSE) -> 0 | U24: =+VLOOKUP($G24,TP!$G:$J,4,FALSE) -> Charges
A25: 2015 | B25: 10 | D25: 44 | E25: GESTION DU PERSONNEL | F25: * | G25: 61 | H25: SERVICES EXTERIEURS | I25: 615620 | J25: MAINTENANCE MAT.INFORMAT. | K25: -4125.88 | L25: -2015 | M25: -770 | P25: -2050 | Q25: -2100 | R25: =+VLOOKUP($D25,TP!$B:$E,3,FALSE) -> Services support | S25: =+VLOOKUP($D25,TP!$B:$E,4,FALSE) -> 0 | T25: =+VLOOKUP($D25,TP!$B:$F,5,FALSE) -> 0 | U25: =+VLOOKUP($G25,TP!$G:$J,4,FALSE) -> Charges
A26: 2015 | B26: 10 | D26: 44 | E26: GESTION DU PERSONNEL | F26: * | G26: 61 | H26: SERVICES EXTERIEURS | I26: 615620 | J26: MAINTENANCE MAT.INFORMAT. | O26: -108.32 | R26: =+VLOOKUP($D26,TP!$B:$E,3,FALSE) -> Services support | S26: =+VLOOKUP($D26,TP!$B:$E,4,FALSE) -> 0 | T26: =+VLOOKUP($D26,TP!$B:$F,5,FALSE) -> 0 | U26: =+VLOOKUP($G26,TP!$G:$J,4,FALSE) -> Charges
A27: 2015 | B27: 10 | D27: 44 | E27: GESTION DU PERSONNEL | F27: * | G27: 61 | H27: SERVICES EXTERIEURS | I27: 615620 | J27: MAINTENANCE MAT.INFORMAT. | O27: -108.32 | R27: =+VLOOKUP($D27,TP!$B:$E,3,FALSE) -> Services support | S27: =+VLOOKUP($D27,TP!$B:$E,4,FALSE) -> 0 | T27: =+VLOOKUP($D27,TP!$B:$F,5,FALSE) -> 0 | U27: =+VLOOKUP($G27,TP!$G:$J,4,FALSE) -> Charges
A28: 2015 | B28: 10 | D28: 44 | E28: GESTION DU PERSONNEL | F28: * | G28: 61 | H28: SERVICES EXTERIEURS | I28: 615620 | J28: MAINTENANCE MAT.INFORMAT. | O28: -108.32 | R28: =+VLOOKUP($D28,TP!$B:$E,3,FALSE) -> Services support | S28: =+VLOOKUP($D28,TP!$B:$E,4,FALSE) -> 0 | T28: =+VLOOKUP($D28,TP!$B:$F,5,FALSE) -> 0 | U28: =+VLOOKUP($G28,TP!$G:$J,4,FALSE) -> Charges
A29: 2015 | B29: 10 | D29: 44 | E29: GESTION DU PERSONNEL | F29: * | G29: 61 | H29: SERVICES EXTERIEURS | I29: 615620 | J29: MAINTENANCE MAT.INFORMAT. | O29: -1582.62 | R29: =+VLOOKUP($D29,TP!$B:$E,3,FALSE) -> Services support | S29: =+VLOOKUP($D29,TP!$B:$E,4,FALSE) -> 0 | T29: =+VLOOKUP($D29,TP!$B:$F,5,FALSE) -> 0 | U29: =+VLOOKUP($G29,TP!$G:$J,4,FALSE) -> Charges
A30: 2015 | B30: 10 | D30: 44 | E30: GESTION DU PERSONNEL | F30: * | G30: 61 | H30: SERVICES EXTERIEURS | I30: 618100 | J30: ABONNEMENT DOCUMENTATION | K30: -1594.11 | L30: -850 | M30: -800 | P30: -850 | Q30: -850 | R30: =+VLOOKUP($D30,TP!$B:$E,3,FALSE) -> Services support | S30: =+VLOOKUP($D30,TP!$B:$E,4,FALSE) -> 0 | T30: =+VLOOKUP($D30,TP!$B:$F,5,FALSE) -> 0 | U30: =+VLOOKUP($G30,TP!$G:$J,4,FALSE) -> Charges
A31: 2015 | B31: 10 | D31: 44 | E31: GESTION DU PERSONNEL | F31: * | G31: 61 | H31: SERVICES EXTERIEURS | I31: 618100 | J31: ABONNEMENT DOCUMENTATION | O31: -304.8 | R31: =+VLOOKUP($D31,TP!$B:$E,3,FALSE) -> Services support | S31: =+VLOOKUP($D31,TP!$B:$E,4,FALSE) -> 0 | T31: =+VLOOKUP($D31,TP!$B:$F,5,FALSE) -> 0 | U31: =+VLOOKUP($G31,TP!$G:$J,4,FALSE) -> Charges
A32: 2015 | B32: 10 | D32: 44 | E32: GESTION DU PERSONNEL | F32: * | G32: 61 | H32: SERVICES EXTERIEURS | I32: 618100 | J32: ABONNEMENT DOCUMENTATION | O32: -138.86 | R32: =+VLOOKUP($D32,TP!$B:$E,3,FALSE) -> Services support | S32: =+VLOOKUP($D32,TP!$B:$E,4,FALSE) -> 0 | T32: =+VLOOKUP($D32,TP!$B:$F,5,FALSE) -> 0 | U32: =+VLOOKUP($G32,TP!$G:$J,4,FALSE) -> Charges
A33: 2015 | B33: 10 | D33: 44 | E33: GESTION DU PERSONNEL | F33: * | G33: 61 | H33: SERVICES EXTERIEURS | I33: 618100 | J33: ABONNEMENT DOCUMENTATION | O33: -275.67 | R33: =+VLOOKUP($D33,TP!$B:$E,3,FALSE) -> Services support | S33: =+VLOOKUP($D33,TP!$B:$E,4,FALSE) -> 0 | T33: =+VLOOKUP($D33,TP!$B:$F,5,FALSE) -> 0 | U33: =+VLOOKUP($G33,TP!$G:$J,4,FALSE) -> Charges
A34: 2015 | B34: 10 | D34: 44 | E34: GESTION DU PERSONNEL | F34: * | G34: 61 | H34: SERVICES EXTERIEURS | I34: 618100 | J34: ABONNEMENT DOCUMENTATION | O34: -79 | R34: =+VLOOKUP($D34,TP!$B:$E,3,FALSE) -> Services support | S34: =+VLOOKUP($D34,TP!$B:$E,4,FALSE) -> 0 | T34: =+VLOOKUP($D34,TP!$B:$F,5,FALSE) -> 0 | U34: =+VLOOKUP($G34,TP!$G:$J,4,FALSE) -> Charges
A35: 2015 | B35: 10 | D35: 44 | E35: GESTION DU PERSONNEL | F35: * | G35: 61 | H35: SERVICES EXTERIEURS | I35: 618110 | J35: OUVRAGES DOCUMENTATION | K35: -240.82 | L35: -200 | M35: -200 | P35: -200 | Q35: -200 | R35: =+VLOOKUP($D35,TP!$B:$E,3,FALSE) -> Services support | S35: =+VLOOKUP($D35,TP!$B:$E,4,FALSE) -> 0 | T35: =+VLOOKUP($D35,TP!$B:$F,5,FALSE) -> 0 | U35: =+VLOOKUP($G35,TP!$G:$J,4,FALSE) -> Charges
A36: 2015 | B36: 10 | D36: 44 | E36: GESTION DU PERSONNEL | F36: * | G36: 61 | H36: SERVICES EXTERIEURS | I36: 618110 | J36: OUVRAGES DOCUMENTATION | O36: -135 | R36: =+VLOOKUP($D36,TP!$B:$E,3,FALSE) -> Services support | S36: =+VLOOKUP($D36,TP!$B:$E,4,FALSE) -> 0 | T36: =+VLOOKUP($D36,TP!$B:$F,5,FALSE) -> 0 | U36: =+VLOOKUP($G36,TP!$G:$J,4,FALSE) -> Charges
A37: 2015 | B37: 10 | D37: 44 | E37: GESTION DU PERSONNEL | F37: * | G37: 61 | H37: SERVICES EXTERIEURS | I37: 618110 | J37: OUVRAGES DOCUMENTATION | N37: -65.01 | R37: =+VLOOKUP($D37,TP!$B:$E,3,FALSE) -> Services support | S37: =+VLOOKUP($D37,TP!$B:$E,4,FALSE) -> 0 | T37: =+VLOOKUP($D37,TP!$B:$F,5,FALSE) -> 0 | U37: =+VLOOKUP($G37,TP!$G:$J,4,FALSE) -> Charges
A38: 2015 | B38: 10 | D38: 44 | E38: GESTION DU PERSONNEL | F38: * | G38: 62 | H38: AUT. SERVICES EXTERIEURS | I38: 186287 | J38: F.P.C. | K38: -3000 | L38: 0 | M38: 0 | P38: 0 | Q38: 0 | R38: =+VLOOKUP($D38,TP!$B:$E,3,FALSE) -> Services support | S38: =+VLOOKUP($D38,TP!$B:$E,4,FALSE) -> 0 | T38: =+VLOOKUP($D38,TP!$B:$F,5,FALSE) -> 0 | U38: =+VLOOKUP($G38,TP!$G:$J,4,FALSE) -> Charges
A39: 2015 | B39: 10 | D39: 44 | E39: GESTION DU PERSONNEL | F39: * | G39: 62 | H39: AUT. SERVICES EXTERIEURS | I39: 621100 | J39: PERSONNEL INTERIMAIRE | K39: -3067.6 | L39: 0 | M39: 0 | P39: 0 | Q39: 0 | R39: =+VLOOKUP($D39,TP!$B:$E,3,FALSE) -> Services support | S39: =+VLOOKUP($D39,TP!$B:$E,4,FALSE) -> 0 | T39: =+VLOOKUP($D39,TP!$B:$F,5,FALSE) -> 0 | U39: =+VLOOKUP($G39,TP!$G:$J,4,FALSE) -> Charges
A40: 2015 | B40: 10 | D40: 44 | E40: GESTION DU PERSONNEL | F40: * | G40: 62 | H40: AUT. SERVICES EXTERIEURS | I40: 621400 | J40: PERS. DETACHE PERMANENTS | K40: 0 | L40: 0 | M40: -22070 | P40: 0 | Q40: 0 | R40: =+VLOOKUP($D40,TP!$B:$E,3,FALSE) -> Services support | S40: =+VLOOKUP($D40,TP!$B:$E,4,FALSE) -> 0 | T40: =+VLOOKUP($D40,TP!$B:$F,5,FALSE) -> 0 | U40: =+VLOOKUP($G40,TP!$G:$J,4,FALSE) -> Charges
A41: 2015 | B41: 10 | D41: 44 | E41: GESTION DU PERSONNEL | F41: * | G41: 62 | H41: AUT. SERVICES EXTERIEURS | I41: 621400 | J41: PERS. DETACHE PERMANENTS | K41: -220960.01 | L41: -183148 | M41: -152205 | P41: -187098 | Q41: -188853 | R41: =+VLOOKUP($D41,TP!$B:$E,3,FALSE) -> Services support | S41: =+VLOOKUP($D41,TP!$B:$E,4,FALSE) -> 0 | T41: =+VLOOKUP($D41,TP!$B:$F,5,FALSE) -> 0 | U41: =+VLOOKUP($G41,TP!$G:$J,4,FALSE) -> Charges
A42: 2015 | B42: 10 | D42: 44 | E42: GESTION DU PERSONNEL | F42: * | G42: 62 | H42: AUT. SERVICES EXTERIEURS | I42: 621400 | J42: PERS. DETACHE PERMANENTS | O42: 1749.49 | R42: =+VLOOKUP($D42,TP!$B:$E,3,FALSE) -> Services support | S42: =+VLOOKUP($D42,TP!$B:$E,4,FALSE) -> 0 | T42: =+VLOOKUP($D42,TP!$B:$F,5,FALSE) -> 0 | U42: =+VLOOKUP($G42,TP!$G:$J,4,FALSE) -> Charges
A43: 2015 | B43: 10 | D43: 44 | E43: GESTION DU PERSONNEL | F43: * | G43: 62 | H43: AUT. SERVICES EXTERIEURS | I43: 621400 | J43: PERS. DETACHE PERMANENTS | O43: -19727.97 | R43: =+VLOOKUP($D43,TP!$B:$E,3,FALSE) -> Services support | S43: =+VLOOKUP($D43,TP!$B:$E,4,FALSE) -> 0 | T43: =+VLOOKUP($D43,TP!$B:$F,5,FALSE) -> 0 | U43: =+VLOOKUP($G43,TP!$G:$J,4,FALSE) -> Charges
A44: 2015 | B44: 10 | D44: 44 | E44: GESTION DU PERSONNEL | F44: * | G44: 62 | H44: AUT. SERVICES EXTERIEURS | I44: 621400 | J44: PERS. DETACHE PERMANENTS | O44: 6991.47 | R44: =+VLOOKUP($D44,TP!$B:$E,3,FALSE) -> Services support | S44: =+VLOOKUP($D44,TP!$B:$E,4,FALSE) -> 0 | T44: =+VLOOKUP($D44,TP!$B:$F,5,FALSE) -> 0 | U44: =+VLOOKUP($G44,TP!$G:$J,4,FALSE) -> Charges
A45: 2015 | B45: 10 | D45: 44 | E45: GESTION DU PERSONNEL | F45: * | G45: 62 | H45: AUT. SERVICES EXTERIEURS | I45: 621400 | J45: PERS. DETACHE PERMANENTS | O45: -19971.81 | R45: =+VLOOKUP($D45,TP!$B:$E,3,FALSE) -> Services support | S45: =+VLOOKUP($D45,TP!$B:$E,4,FALSE) -> 0 | T45: =+VLOOKUP($D45,TP!$B:$F,5,FALSE) -> 0 | U45: =+VLOOKUP($G45,TP!$G:$J,4,FALSE) -> Charges
A46: 2015 | B46: 10 | D46: 44 | E46: GESTION DU PERSONNEL | F46: * | G46: 62 | H46: AUT. SERVICES EXTERIEURS | I46: 621400 | J46: PERS. DETACHE PERMANENTS | O46: -19201.39 | R46: =+VLOOKUP($D46,TP!$B:$E,3,FALSE) -> Services support | S46: =+VLOOKUP($D46,TP!$B:$E,4,FALSE) -> 0 | T46: =+VLOOKUP($D46,TP!$B:$F,5,FALSE) -> 0 | U46: =+VLOOKUP($G46,TP!$G:$J,4,FALSE) -> Charges
A47: 2015 | B47: 10 | D47: 44 | E47: GESTION DU PERSONNEL | F47: * | G47: 62 | H47: AUT. SERVICES EXTERIEURS | I47: 621400 | J47: PERS. DETACHE PERMANENTS | O47: 6086.01 | R47: =+VLOOKUP($D47,TP!$B:$E,3,FALSE) -> Services support | S47: =+VLOOKUP($D47,TP!$B:$E,4,FALSE) -> 0 | T47: =+VLOOKUP($D47,TP!$B:$F,5,FALSE) -> 0 | U47: =+VLOOKUP($G47,TP!$G:$J,4,FALSE) -> Charges
A48: 2015 | B48: 10 | D48: 44 | E48: GESTION DU PERSONNEL | F48: * | G48: 62 | H48: AUT. SERVICES EXTERIEURS | I48: 621400 | J48: PERS. DETACHE PERMANENTS | O48: 5539.56 | R48: =+VLOOKUP($D48,TP!$B:$E,3,FALSE) -> Services support | S48: =+VLOOKUP($D48,TP!$B:$E,4,FALSE) -> 0 | T48: =+VLOOKUP($D48,TP!$B:$F,5,FALSE) -> 0 | U48: =+VLOOKUP($G48,TP!$G:$J,4,FALSE) -> Charges
A49: 2015 | B49: 10 | D49: 44 | E49: GESTION DU PERSONNEL | F49: * | G49: 62 | H49: AUT. SERVICES EXTERIEURS | I49: 621400 | J49: PERS. DETACHE PERMANENTS | O49: -19071.79 | R49: =+VLOOKUP($D49,TP!$B:$E,3,FALSE) -> Services support | S49: =+VLOOKUP($D49,TP!$B:$E,4,FALSE) -> 0 | T49: =+VLOOKUP($D49,TP!$B:$F,5,FALSE) -> 0 | U49: =+VLOOKUP($G49,TP!$G:$J,4,FALSE) -> Charges
A50: 2015 | B50: 10 | D50: 44 | E50: GESTION DU PERSONNEL | F50: * | G50: 62 | H50: AUT. SERVICES EXTERIEURS | I50: 621400 | J50: PERS. DETACHE PERMANENTS | O50: -19703.85 | R50: =+VLOOKUP($D50,TP!$B:$E,3,FALSE) -> Services support | S50: =+VLOOKUP($D50,TP!$B:$E,4,FALSE) -> 0 | T50: =+VLOOKUP($D50,TP!$B:$F,5,FALSE) -> 0 | U50: =+VLOOKUP($G50,TP!$G:$J,4,FALSE) -> Charges
A51: 2015 | B51: 10 | D51: 44 | E51: GESTION DU PERSONNEL | F51: * | G51: 62 | H51: AUT. SERVICES EXTERIEURS | I51: 621400 | J51: PERS. DETACHE PERMANENTS | O51: 6211.48 | R51: =+VLOOKUP($D51,TP!$B:$E,3,FALSE) -> Services support | S51: =+VLOOKUP($D51,TP!$B:$E,4,FALSE) -> 0 | T51: =+VLOOKUP($D51,TP!$B:$F,5,FALSE) -> 0 | U51: =+VLOOKUP($G51,TP!$G:$J,4,FALSE) -> Charges
A52: 2015 | B52: 10 | D52: 44 | E52: GESTION DU PERSONNEL | F52: * | G52: 62 | H52: AUT. SERVICES EXTERIEURS | I52: 621400 | J52: PERS. DETACHE PERMANENTS | O52: 18371.51 | R52: =+VLOOKUP($D52,TP!$B:$E,3,FALSE) -> Services support | S52: =+VLOOKUP($D52,TP!$B:$E,4,FALSE) -> 0 | T52: =+VLOOKUP($D52,TP!$B:$F,5,FALSE) -> 0 | U52: =+VLOOKUP($G52,TP!$G:$J,4,FALSE) -> Charges
A53: 2015 | B53: 10 | D53: 44 | E53: GESTION DU PERSONNEL | F53: * | G53: 62 | H53: AUT. SERVICES EXTERIEURS | I53: 621400 | J53: PERS. DETACHE PERMANENTS | O53: -52717.33 | R53: =+VLOOKUP($D53,TP!$B:$E,3,FALSE) -> Services support | S53: =+VLOOKUP($D53,TP!$B:$E,4,FALSE) -> 0 | T53: =+VLOOKUP($D53,TP!$B:$F,5,FALSE) -> 0 | U53: =+VLOOKUP($G53,TP!$G:$J,4,FALSE) -> Charges
... A67: 2015 | B67: 10 | D67: 44 | E67: GESTION DU PERSONNEL | F67: * | G67: 62 | H67: AUT. SERVICES EXTERIEURS | I67: 621400 | J67: PERS. DETACHE PERMANENTS | O67: -18098.33 | R67: =+VLOOKUP($D67,TP!$B:$E,3,FALSE) -> Services support | S67: =+VLOOKUP($D67,TP!$B:$E,4,FALSE) -> 0 | T67: =+VLOOKUP($D67,TP!$B:$F,5,FALSE) -> 0 | U67: =+VLOOKUP($G67,TP!$G:$J,4,FALSE) -> Charges
A68: 2015 | B68: 10 | D68: 44 | E68: GESTION DU PERSONNEL | F68: * | G68: 62 | H68: AUT. SERVICES EXTERIEURS | I68: 622600 | J68: HONORAIRES | K68: -14460 | L68: -5000 | M68: -12000 | P68: -10000 | Q68: -10000 | R68: =+VLOOKUP($D68,TP!$B:$E,3,FALSE) -> Services support | S68: =+VLOOKUP($D68,TP!$B:$E,4,FALSE) -> 0 | T68: =+VLOOKUP($D68,TP!$B:$F,5,FALSE) -> 0 | U68: =+VLOOKUP($G68,TP!$G:$J,4,FALSE) -> Charges
A69: 2015 | B69: 10 | D69: 44 | E69: GESTION DU PERSONNEL | F69: * | G69: 62 | H69: AUT. SERVICES EXTERIEURS | I69: 622600 | J69: HONORAIRES | O69: -1800 | R69: =+VLOOKUP($D69,TP!$B:$E,3,FALSE) -> Services support | S69: =+VLOOKUP($D69,TP!$B:$E,4,FALSE) -> 0 | T69: =+VLOOKUP($D69,TP!$B:$F,5,FALSE) -> 0 | U69: =+VLOOKUP($G69,TP!$G:$J,4,FALSE) -> Charges
A70: 2015 | B70: 10 | D70: 44 | E70: GESTION DU PERSONNEL | F70: * | G70: 62 | H70: AUT. SERVICES EXTERIEURS | I70: 622600 | J70: HONORAIRES | O70: -900 | R70: =+VLOOKUP($D70,TP!$B:$E,3,FALSE) -> Services support | S70: =+VLOOKUP($D70,TP!$B:$E,4,FALSE) -> 0 | T70: =+VLOOKUP($D70,TP!$B:$F,5,FALSE) -> 0 | U70: =+VLOOKUP($G70,TP!$G:$J,4,FALSE) -> Charges
A71: 2015 | B71: 10 | D71: 44 | E71: GESTION DU PERSONNEL | F71: * | G71: 62 | H71: AUT. SERVICES EXTERIEURS | I71: 625110 | J71: DEPLACTS PERSO.PERMANENT | K71: -1559.94 | L71: -1500 | M71: -1500 | P71: -1500 | Q71: -1500 | R71: =+VLOOKUP($D71,TP!$B:$E,3,FALSE) -> Services support | S71: =+VLOOKUP($D71,TP!$B:$E,4,FALSE) -> 0 | T71: =+VLOOKUP($D71,TP!$B:$F,5,FALSE) -> 0 | U71: =+VLOOKUP($G71,TP!$G:$J,4,FALSE) -> Charges
A72: 2015 | B72: 10 | D72: 44 | E72: GESTION DU PERSONNEL | F72: * | G72: 62 | H72: AUT. SERVICES EXTERIEURS | I72: 625110 | J72: DEPLACTS PERSO.PERMANENT | O72: -69.6 | R72: =+VLOOKUP($D72,TP!$B:$E,3,FALSE) -> Services support | S72: =+VLOOKUP($D72,TP!$B:$E,4,FALSE) -> 0 | T72: =+VLOOKUP($D72,TP!$B:$F,5,FALSE) -> 0 | U72: =+VLOOKUP($G72,TP!$G:$J,4,FALSE) -> Charges
A73: 2015 | B73: 10 | D73: 44 | E73: GESTION DU PERSONNEL | F73: * | G73: 62 | H73: AUT. SERVICES EXTERIEURS | I73: 625110 | J73: DEPLACTS PERSO.PERMANENT | O73: -197.8 | R73: =+VLOOKUP($D73,TP!$B:$E,3,FALSE) -> Services support | S73: =+VLOOKUP($D73,TP!$B:$E,4,FALSE) -> 0 | T73: =+VLOOKUP($D73,TP!$B:$F,5,FALSE) -> 0 | U73: =+VLOOKUP($G73,TP!$G:$J,4,FALSE) -> Charges
A74: 2015 | B74: 10 | D74: 44 | E74: GESTION DU PERSONNEL | F74: * | G74: 62 | H74: AUT. SERVICES EXTERIEURS | I74: 625110 | J74: DEPLACTS PERSO.PERMANENT | O74: -90.6 | R74: =+VLOOKUP($D74,TP!$B:$E,3,FALSE) -> Services support | S74: =+VLOOKUP($D74,TP!$B:$E,4,FALSE) -> 0 | T74: =+VLOOKUP($D74,TP!$B:$F,5,FALSE) -> 0 | U74: =+VLOOKUP($G74,TP!$G:$J,4,FALSE) -> Charges
A75: 2015 | B75: 10 | D75: 44 | E75: GESTION DU PERSONNEL | F75: * | G75: 62 | H75: AUT. SERVICES EXTERIEURS | I75: 625110 | J75: DEPLACTS PERSO.PERMANENT | O75: -423.1 | R75: =+VLOOKUP($D75,TP!$B:$E,3,FALSE) -> Services support | S75: =+VLOOKUP($D75,TP!$B:$E,4,FALSE) -> 0 | T75: =+VLOOKUP($D75,TP!$B:$F,5,FALSE) -> 0 | U75: =+VLOOKUP($G75,TP!$G:$J,4,FALSE) -> Charges
A76: 2015 | B76: 10 | D76: 44 | E76: GESTION DU PERSONNEL | F76: * | G76: 62 | H76: AUT. SERVICES EXTERIEURS | I76: 625110 | J76: DEPLACTS PERSO.PERMANENT | O76: -83 | R76: =+VLOOKUP($D76,TP!$B:$E,3,FALSE) -> Services support | S76: =+VLOOKUP($D76,TP!$B:$E,4,FALSE) -> 0 | T76: =+VLOOKUP($D76,TP!$B:$F,5,FALSE) -> 0 | U76: =+VLOOKUP($G76,TP!$G:$J,4,FALSE) -> Charges
A77: 2015 | B77: 10 | D77: 44 | E77: GESTION DU PERSONNEL | F77: * | G77: 62 | H77: AUT. SERVICES EXTERIEURS | I77: 625110 | J77: DEPLACTS PERSO.PERMANENT | O77: -69.2 | R77: =+VLOOKUP($D77,TP!$B:$E,3,FALSE) -> Services support | S77: =+VLOOKUP($D77,TP!$B:$E,4,FALSE) -> 0 | T77: =+VLOOKUP($D77,TP!$B:$F,5,FALSE) -> 0 | U77: =+VLOOKUP($G77,TP!$G:$J,4,FALSE) -> Charges
A78: 2015 | B78: 10 | D78: 44 | E78: GESTION DU PERSONNEL | F78: * | G78: 62 | H78: AUT. SERVICES EXTERIEURS | I78: 625120 | J78: DEPLACEMENTS IMPUT. S/FPC | K78: -5496.89 | L78: -400 | M78: -400 | P78: -400 | Q78: -400 | R78: =+VLOOKUP($D78,TP!$B:$E,3,FALSE) -> Services support | S78: =+VLOOKUP($D78,TP!$B:$E,4,FALSE) -> 0 | T78: =+VLOOKUP($D78,TP!$B:$F,5,FALSE) -> 0 | U78: =+VLOOKUP($G78,TP!$G:$J,4,FALSE) -> Charges
A79: 2015 | B79: 10 | D79: 44 | E79: GESTION DU PERSONNEL | F79: * | G79: 62 | H79: AUT. SERVICES EXTERIEURS | I79: 625120 | J79: DEPLACEMENTS IMPUT. S/FPC | O79: -64 | R79: =+VLOOKUP($D79,TP!$B:$E,3,FALSE) -> Services support | S79: =+VLOOKUP($D79,TP!$B:$E,4,FALSE) -> 0 | T79: =+VLOOKUP($D79,TP!$B:$F,5,FALSE) -> 0 | U79: =+VLOOKUP($G79,TP!$G:$J,4,FALSE) -> Charges
A80: 2015 | B80: 10 | D80: 44 | E80: GESTION DU PERSONNEL | F80: * | G80: 62 | H80: AUT. SERVICES EXTERIEURS | I80: 625120 | J80: DEPLACEMENTS IMPUT. S/FPC | O80: -12 | R80: =+VLOOKUP($D80,TP!$B:$E,3,FALSE) -> Services support | S80: =+VLOOKUP($D80,TP!$B:$E,4,FALSE) -> 0 | T80: =+VLOOKUP($D80,TP!$B:$F,5,FALSE) -> 0 | U80: =+VLOOKUP($G80,TP!$G:$J,4,FALSE) -> Charges
A81: 2015 | B81: 10 | D81: 44 | E81: GESTION DU PERSONNEL | F81: * | G81: 62 | H81: AUT. SERVICES EXTERIEURS | I81: 625140 | J81: DEPLACEMENTS AUTRES | K81: 0 | L81: 0 | M81: -150 | P81: 0 | Q81: 0 | R81: =+VLOOKUP($D81,TP!$B:$E,3,FALSE) -> Services support | S81: =+VLOOKUP($D81,TP!$B:$E,4,FALSE) -> 0 | T81: =+VLOOKUP($D81,TP!$B:$F,5,FALSE) -> 0 | U81: =+VLOOKUP($G81,TP!$G:$J,4,FALSE) -> Charges
A82: 2015 | B82: 10 | D82: 44 | E82: GESTION DU PERSONNEL | F82: * | G82: 62 | H82: AUT. SERVICES EXTERIEURS | I82: 625700 | J82: RECEPTIONS | K82: -140.3 | L82: -200 | M82: -200 | P82: -200 | Q82: -200 | R82: =+VLOOKUP($D82,TP!$B:$E,3,FALSE) -> Services support | S82: =+VLOOKUP($D82,TP!$B:$E,4,FALSE) -> 0 | T82: =+VLOOKUP($D82,TP!$B:$F,5,FALSE) -> 0 | U82: =+VLOOKUP($G82,TP!$G:$J,4,FALSE) -> Charges
A83: 2015 | B83: 10 | D83: 44 | E83: GESTION DU PERSONNEL | F83: * | G83: 62 | H83: AUT. SERVICES EXTERIEURS | I83: 626110 | J83: AFFRANCHISSEMENTS | K83: -351.37 | L83: -40 | M83: -600 | P83: 0 | Q83: 0 | R83: =+VLOOKUP($D83,TP!$B:$E,3,FALSE) -> Services support | S83: =+VLOOKUP($D83,TP!$B:$E,4,FALSE) -> 0 | T83: =+VLOOKUP($D83,TP!$B:$F,5,FALSE) -> 0 | U83: =+VLOOKUP($G83,TP!$G:$J,4,FALSE) -> Charges
A84: 2015 | B84: 10 | D84: 44 | E84: GESTION DU PERSONNEL | F84: * | G84: 62 | H84: AUT. SERVICES EXTERIEURS | I84: 626110 | J84: AFFRANCHISSEMENTS | O84: -11.04 | R84: =+VLOOKUP($D84,TP!$B:$E,3,FALSE) -> Services support | S84: =+VLOOKUP($D84,TP!$B:$E,4,FALSE) -> 0 | T84: =+VLOOKUP($D84,TP!$B:$F,5,FALSE) -> 0 | U84: =+VLOOKUP($G84,TP!$G:$J,4,FALSE) -> Charges
A85: 2015 | B85: 10 | D85: 44 | E85: GESTION DU PERSONNEL | F85: * | G85: 62 | H85: AUT. SERVICES EXTERIEURS | I85: 626110 | J85: AFFRANCHISSEMENTS | O85: -27.25 | R85: =+VLOOKUP($D85,TP!$B:$E,3,FALSE) -> Services support | S85: =+VLOOKUP($D85,TP!$B:$E,4,FALSE) -> 0 | T85: =+VLOOKUP($D85,TP!$B:$F,5,FALSE) -> 0 | U85: =+VLOOKUP($G85,TP!$G:$J,4,FALSE) -> Charges
A86: 2015 | B86: 10 | D86: 44 | E86: GESTION DU PERSONNEL | F86: * | G86: 62 | H86: AUT. SERVICES EXTERIEURS | I86: 626110 | J86: AFFRANCHISSEMENTS | O86: -10.48 | R86: =+VLOOKUP($D86,TP!$B:$E,3,FALSE) -> Services support | S86: =+VLOOKUP($D86,TP!$B:$E,4,FALSE) -> 0 | T86: =+VLOOKUP($D86,TP!$B:$F,5,FALSE) -> 0 | U86: =+VLOOKUP($G86,TP!$G:$J,4,FALSE) -> Charges
A87: 2015 | B87: 10 | D87: 44 | E87: GESTION DU PERSONNEL | F87: * | G87: 62 | H87: AUT. SERVICES EXTERIEURS | I87: 626110 | J87: AFFRANCHISSEMENTS | O87: 11.04 | R87: =+VLOOKUP($D87,TP!$B:$E,3,FALSE) -> Services support | S87: =+VLOOKUP($D87,TP!$B:$E,4,FALSE) -> 0 | T87: =+VLOOKUP($D87,TP!$B:$F,5,FALSE) -> 0 | U87: =+VLOOKUP($G87,TP!$G:$J,4,FALSE) -> Charges
A88: 2015 | B88: 10 | D88: 44 | E88: GESTION DU PERSONNEL | F88: * | G88: 62 | H88: AUT. SERVICES EXTERIEURS | I88: 626210 | J88: TELEPHONE | K88: -1078.26 | L88: -1000 | M88: -1300 | P88: -1000 | Q88: -1000 | R88: =+VLOOKUP($D88,TP!$B:$E,3,FALSE) -> Services support | S88: =+VLOOKUP($D88,TP!$B:$E,4,FALSE) -> 0 | T88: =+VLOOKUP($D88,TP!$B:$F,5,FALSE) -> 0 | U88: =+VLOOKUP($G88,TP!$G:$J,4,FALSE) -> Charges
A89: 2015 | B89: 10 | D89: 44 | E89: GESTION DU PERSONNEL | F89: * | G89: 62 | H89: AUT. SERVICES EXTERIEURS | I89: 626210 | J89: TELEPHONE | O89: -13.84 | R89: =+VLOOKUP($D89,TP!$B:$E,3,FALSE) -> Services support | S89: =+VLOOKUP($D89,TP!$B:$E,4,FALSE) -> 0 | T89: =+VLOOKUP($D89,TP!$B:$F,5,FALSE) -> 0 | U89: =+VLOOKUP($G89,TP!$G:$J,4,FALSE) -> Charges
A90: 2015 | B90: 10 | D90: 44 | E90: GESTION DU PERSONNEL | F90: * | G90: 62 | H90: AUT. SERVICES EXTERIEURS | I90: 626210 | J90: TELEPHONE | O90: -32.23 | R90: =+VLOOKUP($D90,TP!$B:$E,3,FALSE) -> Services support | S90: =+VLOOKUP($D90,TP!$B:$E,4,FALSE) -> 0 | T90: =+VLOOKUP($D90,TP!$B:$F,5,FALSE) -> 0 | U90: =+VLOOKUP($G90,TP!$G:$J,4,FALSE) -> Charges
A91: 2015 | B91: 10 | D91: 44 | E91: GESTION DU PERSONNEL | F91: * | G91: 62 | H91: AUT. SERVICES EXTERIEURS | I91: 626210 | J91: TELEPHONE | O91: -50.69 | R91: =+VLOOKUP($D91,TP!$B:$E,3,FALSE) -> Services support | S91: =+VLOOKUP($D91,TP!$B:$E,4,FALSE) -> 0 | T91: =+VLOOKUP($D91,TP!$B:$F,5,FALSE) -> 0 | U91: =+VLOOKUP($G91,TP!$G:$J,4,FALSE) -> Charges
A92: 2015 | B92: 10 | D92: 44 | E92: GESTION DU PERSONNEL | F92: * | G92: 62 | H92: AUT. SERVICES EXTERIEURS | I92: 626210 | J92: TELEPHONE | O92: -10.74 | R92: =+VLOOKUP($D92,TP!$B:$E,3,FALSE) -> Services support | S92: =+VLOOKUP($D92,TP!$B:$E,4,FALSE) -> 0 | T92: =+VLOOKUP($D92,TP!$B:$F,5,FALSE) -> 0 | U92: =+VLOOKUP($G92,TP!$G:$J,4,FALSE) -> Charges
A93: 2015 | B93: 10 | D93: 44 | E93: GESTION DU PERSONNEL | F93: * | G93: 62 | H93: AUT. SERVICES EXTERIEURS | I93: 626210 | J93: TELEPHONE | O93: -10.43 | R93: =+VLOOKUP($D93,TP!$B:$E,3,FALSE) -> Services support | S93: =+VLOOKUP($D93,TP!$B:$E,4,FALSE) -> 0 | T93: =+VLOOKUP($D93,TP!$B:$F,5,FALSE) -> 0 | U93: =+VLOOKUP($G93,TP!$G:$J,4,FALSE) -> Charges
A94: 2015 | B94: 10 | D94: 44 | E94: GESTION DU PERSONNEL | F94: * | G94: 62 | H94: AUT. SERVICES EXTERIEURS | I94: 626210 | J94: TELEPHONE | O94: -42.84 | R94: =+VLOOKUP($D94,TP!$B:$E,3,FALSE) -> Services support | S94: =+VLOOKUP($D94,TP!$B:$E,4,FALSE) -> 0 | T94: =+VLOOKUP($D94,TP!$B:$F,5,FALSE) -> 0 | U94: =+VLOOKUP($G94,TP!$G:$J,4,FALSE) -> Charges
A95: 2015 | B95: 10 | D95: 44 | E95: GESTION DU PERSONNEL | F95: * | G95: 62 | H95: AUT. SERVICES EXTERIEURS | I95: 626210 | J95: TELEPHONE | O95: 13.84 | R95: =+VLOOKUP($D95,TP!$B:$E,3,FALSE) -> Services support | S95: =+VLOOKUP($D95,TP!$B:$E,4,FALSE) -> 0 | T95: =+VLOOKUP($D95,TP!$B:$F,5,FALSE) -> 0 | U95: =+VLOOKUP($G95,TP!$G:$J,4,FALSE) -> Charges
A96: 2015 | B96: 10 | D96: 44 | E96: GESTION DU PERSONNEL | F96: * | G96: 62 | H96: AUT. SERVICES EXTERIEURS | I96: 626210 | J96: TELEPHONE | O96: -42.84 | R96: =+VLOOKUP($D96,TP!$B:$E,3,FALSE) -> Services support | S96: =+VLOOKUP($D96,TP!$B:$E,4,FALSE) -> 0 | T96: =+VLOOKUP($D96,TP!$B:$F,5,FALSE) -> 0 | U96: =+VLOOKUP($G96,TP!$G:$J,4,FALSE) -> Charges
A97: 2015 | B97: 10 | D97: 44 | E97: GESTION DU PERSONNEL | F97: * | G97: 62 | H97: AUT. SERVICES EXTERIEURS | I97: 626210 | J97: TELEPHONE | O97: -101.11 | R97: =+VLOOKUP($D97,TP!$B:$E,3,FALSE) -> Services support | S97: =+VLOOKUP($D97,TP!$B:$E,4,FALSE) -> 0 | T97: =+VLOOKUP($D97,TP!$B:$F,5,FALSE) -> 0 | U97: =+VLOOKUP($G97,TP!$G:$J,4,FALSE) -> Charges
A98: 2015 | B98: 10 | D98: 44 | E98: GESTION DU PERSONNEL | F98: * | G98: 62 | H98: AUT. SERVICES EXTERIEURS | I98: 626210 | J98: TELEPHONE | O98: -14.12 | R98: =+VLOOKUP($D98,TP!$B:$E,3,FALSE) -> Services support | S98: =+VLOOKUP($D98,TP!$B:$E,4,FALSE) -> 0 | T98: =+VLOOKUP($D98,TP!$B:$F,5,FALSE) -> 0 | U98: =+VLOOKUP($G98,TP!$G:$J,4,FALSE) -> Charges
A99: 2015 | B99: 10 | D99: 44 | E99: GESTION DU PERSONNEL | F99: * | G99: 62 | H99: AUT. SERVICES EXTERIEURS | I99: 626210 | J99: TELEPHONE | O99: -12.44 | R99: =+VLOOKUP($D99,TP!$B:$E,3,FALSE) -> Services support | S99: =+VLOOKUP($D99,TP!$B:$E,4,FALSE) -> 0 | T99: =+VLOOKUP($D99,TP!$B:$F,5,FALSE) -> 0 | U99: =+VLOOKUP($G99,TP!$G:$J,4,FALSE) -> Charges
A100: 2015 | B100: 10 | D100: 44 | E100: GESTION DU PERSONNEL | F100: * | G100: 62 | H100: AUT. SERVICES EXTERIEURS | I100: 626210 | J100: TELEPHONE | O100: -105.84 | R100: =+VLOOKUP($D100,TP!$B:$E,3,FALSE) -> Services support | S100: =+VLOOKUP($D100,TP!$B:$E,4,FALSE) -> 0 | T100: =+VLOOKUP($D100,TP!$B:$F,5,FALSE) -> 0 | U100: =+VLOOKUP($G100,TP!$G:$J,4,FALSE) -> Charges
... A107: 2015 | B107: 10 | D107: 44 | E107: GESTION DU PERSONNEL | F107: * | G107: 62 | H107: AUT. SERVICES EXTERIEURS | I107: 626210 | J107: TELEPHONE | O107: -26.96 | R107: =+VLOOKUP($D107,TP!$B:$E,3,FALSE) -> Services support | S107: =+VLOOKUP($D107,TP!$B:$E,4,FALSE) -> 0 | T107: =+VLOOKUP($D107,TP!$B:$F,5,FALSE) -> 0 | U107: =+VLOOKUP($G107,TP!$G:$J,4,FALSE) -> Charges
A108: 2015 | B108: 10 | D108: 44 | E108: GESTION DU PERSONNEL | F108: * | G108: 62 | H108: AUT. SERVICES EXTERIEURS | I108: 628100 | J108: COTISATIONS DIVERSES | K108: -882.29 | L108: -1500 | M108: -900 | P108: -1500 | Q108: -1500 | R108: =+VLOOKUP($D108,TP!$B:$E,3,FALSE) -> Services support | S108: =+VLOOKUP($D108,TP!$B:$E,4,FALSE) -> 0 | T108: =+VLOOKUP($D108,TP!$B:$F,5,FALSE) -> 0 | U108: =+VLOOKUP($G108,TP!$G:$J,4,FALSE) -> Charges
A109: 2015 | B109: 10 | D109: 44 | E109: GESTION DU PERSONNEL | F109: * | G109: 62 | H109: AUT. SERVICES EXTERIEURS | I109: 628100 | J109: COTISATIONS DIVERSES | O109: -18.29 | R109: =+VLOOKUP($D109,TP!$B:$E,3,FALSE) -> Services support | S109: =+VLOOKUP($D109,TP!$B:$E,4,FALSE) -> 0 | T109: =+VLOOKUP($D109,TP!$B:$F,5,FALSE) -> 0 | U109: =+VLOOKUP($G109,TP!$G:$J,4,FALSE) -> Charges
A110: 2015 | B110: 10 | D110: 44 | E110: GESTION DU PERSONNEL | F110: * | G110: 62 | H110: AUT. SERVICES EXTERIEURS | I110: 628100 | J110: COTISATIONS DIVERSES | O110: -368 | R110: =+VLOOKUP($D110,TP!$B:$E,3,FALSE) -> Services support | S110: =+VLOOKUP($D110,TP!$B:$E,4,FALSE) -> 0 | T110: =+VLOOKUP($D110,TP!$B:$F,5,FALSE) -> 0 | U110: =+VLOOKUP($G110,TP!$G:$J,4,FALSE) -> Charges
A111: 2015 | B111: 10 | D111: 44 | E111: GESTION DU PERSONNEL | F111: * | G111: 62 | H111: AUT. SERVICES EXTERIEURS | I111: 628100 | J111: COTISATIONS DIVERSES | O111: -45 | R111: =+VLOOKUP($D111,TP!$B:$E,3,FALSE) -> Services support | S111: =+VLOOKUP($D111,TP!$B:$E,4,FALSE) -> 0 | T111: =+VLOOKUP($D111,TP!$B:$F,5,FALSE) -> 0 | U111: =+VLOOKUP($G111,TP!$G:$J,4,FALSE) -> Charges
A112: 2015 | B112: 10 | D112: 44 | E112: GESTION DU PERSONNEL | F112: * | G112: 62 | H112: AUT. SERVICES EXTERIEURS | I112: 628100 | J112: COTISATIONS DIVERSES | N112: -1000 | R112: =+VLOOKUP($D112,TP!$B:$E,3,FALSE) -> Services support | S112: =+VLOOKUP($D112,TP!$B:$E,4,FALSE) -> 0 | T112: =+VLOOKUP($D112,TP!$B:$F,5,FALSE) -> 0 | U112: =+VLOOKUP($G112,TP!$G:$J,4,FALSE) -> Charges
A113: 2015 | B113: 10 | D113: 44 | E113: GESTION DU PERSONNEL | F113: * | G113: 62 | H113: AUT. SERVICES EXTERIEURS | I113: 628100 | J113: COTISATIONS DIVERSES | N113: -54 | R113: =+VLOOKUP($D113,TP!$B:$E,3,FALSE) -> Services support | S113: =+VLOOKUP($D113,TP!$B:$E,4,FALSE) -> 0 | T113: =+VLOOKUP($D113,TP!$B:$F,5,FALSE) -> 0 | U113: =+VLOOKUP($G113,TP!$G:$J,4,FALSE) -> Charges
A114: 2015 | B114: 10 | D114: 44 | E114: GESTION DU PERSONNEL | F114: * | G114: 62 | H114: AUT. SERVICES EXTERIEURS | I114: 628811 | J114: FPC (PROGRAMME) | K114: -307.28 | L114: -2200 | M114: -2200 | P114: 0 | Q114: 0 | R114: =+VLOOKUP($D114,TP!$B:$E,3,FALSE) -> Services support | S114: =+VLOOKUP($D114,TP!$B:$E,4,FALSE) -> 0 | T114: =+VLOOKUP($D114,TP!$B:$F,5,FALSE) -> 0 | U114: =+VLOOKUP($G114,TP!$G:$J,4,FALSE) -> Charges
A115: 2015 | B115: 10 | D115: 44 | E115: GESTION DU PERSONNEL | F115: * | G115: 62 | H115: AUT. SERVICES EXTERIEURS | I115: 628811 | J115: FPC (PROGRAMME) | O115: -900 | R115: =+VLOOKUP($D115,TP!$B:$E,3,FALSE) -> Services support | S115: =+VLOOKUP($D115,TP!$B:$E,4,FALSE) -> 0 | T115: =+VLOOKUP($D115,TP!$B:$F,5,FALSE) -> 0 | U115: =+VLOOKUP($G115,TP!$G:$J,4,FALSE) -> Charges
A116: 2015 | B116: 10 | D116: 44 | E116: GESTION DU PERSONNEL | F116: * | G116: 64 | H116: CHARGES DE PERSONNEL | I116: 647500 | J116: INDEMNITES STAGIAIRES | O116: -500 | R116: =+VLOOKUP($D116,TP!$B:$E,3,FALSE) -> Services support | S116: =+VLOOKUP($D116,TP!$B:$E,4,FALSE) -> 0 | T116: =+VLOOKUP($D116,TP!$B:$F,5,FALSE) -> 0 | U116: =+VLOOKUP($G116,TP!$G:$J,4,FALSE) -> Charges
A117: 2015 | B117: 10 | D117: 44 | E117: GESTION DU PERSONNEL | F117: * | G117: 64 | H117: CHARGES DE PERSONNEL | I117: 647500 | J117: INDEMNITES STAGIAIRES | K117: 0 | L117: -500 | M117: 0 | P117: -500 | Q117: -500 | R117: =+VLOOKUP($D117,TP!$B:$E,3,FALSE) -> Services support | S117: =+VLOOKUP($D117,TP!$B:$E,4,FALSE) -> 0 | T117: =+VLOOKUP($D117,TP!$B:$F,5,FALSE) -> 0 | U117: =+VLOOKUP($G117,TP!$G:$J,4,FALSE) -> Charges
A118: 2015 | B118: 10 | D118: 44 | E118: GESTION DU PERSONNEL | F118: * | G118: 64 | H118: CHARGES DE PERSONNEL | I118: 647510 | J118: MEDECINE DU TRAVAIL | K118: 0 | L118: 0 | M118: -2300 | P118: 0 | Q118: 0 | R118: =+VLOOKUP($D118,TP!$B:$E,3,FALSE) -> Services support | S118: =+VLOOKUP($D118,TP!$B:$E,4,FALSE) -> 0 | T118: =+VLOOKUP($D118,TP!$B:$F,5,FALSE) -> 0 | U118: =+VLOOKUP($G118,TP!$G:$J,4,FALSE) -> Charges
A119: 2015 | B119: 10 | D119: 44 | E119: GESTION DU PERSONNEL | F119: * | G119: 68 | H119: DOTATIONS AMORTISSEMENTS | I119: 681130 | J119: DOT.AMORT.MAT.INFORMATIQU | K119: -470.7 | L119: 0 | M119: 0 | P119: 0 | Q119: 0 | R119: =+VLOOKUP($D119,TP!$B:$E,3,FALSE) -> Services support | S119: =+VLOOKUP($D119,TP!$B:$E,4,FALSE) -> 0 | T119: =+VLOOKUP($D119,TP!$B:$F,5,FALSE) -> 0 | U119: =+VLOOKUP($G119,TP!$G:$J,4,FALSE) -> Provisions
...

Sheet TP
A1: Table paramètre
U2: Etat fi | V2: (Tous)
A3: 1 - Service Général : Services support / DEVECO | G3: 2 - Bilan / CR | N3: 3 - Détail charges / Produits
A4: Société | B4: Section | C4: Lib section | G4: Chapitre | H4: Lib chapitre | I4: Etat fi | J4: CR | N4: Chapitre | O4: Lib chapitre | P4: Compte | Q4: Libellé compte | U4: Étiquettes de lignes
A5: 10 | B5: 11 | C5: PRESIDENCE | D5: Services support | G5: 10 | H5: CAPITAL ET RESERVES | I5: Bilan | N5: 60 | O5: ACHATS | P5: 186064 | Q5: FOURNITURES DE BUREAU
A6: 10 | B6: 13 | C6: DIRECTION GENERALE | D6: Services support | G6: 11 | H6: REPORT A NOUVEAU | I6: Bilan | P6: 604500 | Q6: MISE A JOUR DE LOGICIELS | U6: 102800 ECART D'OUVERTURE PREMIER
A7: 10 | B7: 14 | C7: JURIDIQUE | D7: Services support | G7: 13 | H7: SUBVENTIONS D'INVESTISS. | I7: Bilan | P7: 605000 | Q7: ACHAT MATERIEL,EQUIPEMENT | U7: 110100 REPORT ANV CRED.N.AFFECTE
A8: 10 | B8: 15 | C8: ACHATS / MARCHÉS PUBLICS | D8: Services support | G8: 15 | H8: PROVISIONS POUR RISQUES & | I8: Bilan | P8: 606110 | Q8: EAU | U8: 151801 AUT.PROVIS°P/RISQUES D.E
A9: 10 | B9: 21 | C9: COMMUNICATION | D9: Services support | G9: 16 | H9: EMPRUNTS ET DETTES ASSIM. | I9: Bilan | P9: 606120 | Q9: ELECTRICITE | U9: 158801 AUT.PROV.P/CHARGES D.E.
A10: 10 | B10: 22 | C10: ARCHIVES | D10: Services support | G10: 20 | H10: IMMO. INCORPORELLES | I10: Bilan | P10: 606140 | Q10: GAZ DE CHAUFFAGE | U10: 158802 AUT.PROV.P/CHARGES AUGM.
A11: 10 | B11: 32 | C11: IMPLANTATIONS | D11: Implantations | G11: 21 | H11: IMMO. CORPORELLES | I11: Bilan | P11: 606150 | Q11: AIR COMPRIME, OXYGENE, | U11: 158803 AUT.PROV.P/CHARGES DIMIN.
A12: 10 | B12: 33 | C12: SPL GLISSE | D12: DEVECO | E12: SPL GLISSE | F12: Transverse | G12: 22 | H12: IMMO. EN CONCESSION | I12: Bilan | P12: 606310 | Q12: PRODUITS D'ENTRETIEN & DE | U12: 164001 EMPRUNTS ETAB.CREDIT D.E.
A13: 10 | B13: 41 | C13: ACCUEIL | D13: Services support | G13: 23 | H13: IMMOBILISATIONS EN COURS | I13: Bilan | P13: 606320 | Q13: PETIT MATERIEL-OUTILLAGE | U13: 164002 EMPRUNTS ET.CREDIT VERSES
A14: 10 | B14: 42 | C14: FINANCE GESTION | D14: Services support | G14: 26 | H14: PARTICIPATIONS & CREANCES | I14: Bilan | P14: 606410 | Q14: FOURNITURES DE BUREAU | U14: 165101 DEPOTS DEBUT EXERCICE
A15: 10 | B15: 43 | C15: INFORMATIQUE | D15: Services support | G15: 27 | H15: AUTRES IMMO. FINANCIERES | I15: Bilan | P15: 606420 | Q15: IMPRIMES DIVERS | U15: 168841 INT.COURUS ETAB.DE CREDIT
A16: 10 | B16: 44 | C16: GESTION DU PERSONNEL | D16: Services support | G16: 28 | H16: AMORTISSEMENTS DES IMMO - | I16: Bilan | P16: 606430 | Q16: COMSOMMABLE INFORMATIQUE | U16: 168842 INT.COURUS ETAB. CREDIT
A17: 10 | B17: 52 | C17: RELATIONS INTERNATIONALES | D17: DEVECO | E17: RELATIONS INTERNATIONALES | F17: Transverse | G17: 29 | H17: PROVISIONS P/DEPRECIATION | I17: Bilan | P17: 606440 | Q17: FOURNITURES SCOLAIRES ET | U17: 168843 INT.COURUS ETAB. CREDIT
A18: 10 | B18: 53 | C18: INFO. AUX ENTREPRISES | D18: DEVECO | E18: Guichet unique | F18: GU | G18: 30 | H18: Erreur | I18: Bilan | P18: 606810 | Q18: HABILLEMENT ET VETEMENTS | U18: 186287 F.P.C.
A19: 10 | B19: 55 | C19: RETRAITE-AGEFICE | D19: DEVECO | E19: RETRAITE-AGEFICE | F19: Transverse | G19: 40 | H19: FOURNISSEURS ET COMPTES | I19: Bilan | P19: 606820 | Q19: COMBUSTIBLES, CARBURANT, | U19: 186400 SALAIRES ET CHARGES SOC.
A20: 10 | B20: 58 | C20: MARQUE TERRITORIALE | D20: DEVECO | E20: MARQUE TERRITORIALE | F20: Transverse | G20: 41 | H20: CLIENTS-COMPTES RATTACHES | I20: Bilan | P20: 625700 | Q20: RECEPTIONS | U20: 186800 CONTRIBUTIONS VERSEES
A21: 10 | B21: 61 | C21: ESTIA / FORMATION | D21: Services support | G21: 42 | H21: PERSONNEL ET COMPTES | I21: Bilan | N21: 61 | O21: SERVICES EXTERIEURS | P21: 186132 | Q21: LOCATION BUREAUX-SALLES | U21: 187067 PRESTATIONS DE FORMATION
A22: 10 | B22: 71 | C22: HOTEL CONSULAIRE | D22: Services support | G22: 44 | H22: ETAT-AUTRES COLLECTIVITES | I22: Bilan | P22: 186140 | Q22: CHARGES LOCATIVES | U22: 187068 LOCAT° BUREAUX-SALLES
A23: 10 | B23: 91 | C23: MOYENS GENERAUX | D23: Services support | G23: 46 | H23: DEBITEURS ET CREDITEURS | I23: Bilan | P23: 611000 | Q23: SOUS TRAITANCE | U23: 187080 INTER SERV. TELEPHONE
A24: 10 | B24: 121 | C24: ASSEMBLEE DES ELUS | D24: Services support | G24: 48 | H24: COMPTES DE REGULARISATION | I24: Bilan | P24: 612210 | Q24: CREDIT-BAIL MOBILIER | U24: 187081 INTER S.CHARGES LOCATIVES
A25: 10 | B25: 122 | C25: ELECTIONS CONSULAIRES | D25: Services support | G25: 49 | H25: PROVISIONS P/DEPRECIATION | I25: Bilan | P25: 612220 | Q25: CREDIT-BAIL DU MATERIEL | U25: 187082 REMBT FOURNITURES BUREAU
A26: 10 | B26: 451 | C26: EQUIPEMENTS | D26: Services support | G26: 50 | H26: VALEURS MOBILIERES DE | I26: Bilan | P26: 613200 | Q26: LOCATIONS IMMOBILIERES | U26: 187083 REMBT PHOTOCOPIES
A27: 10 | B27: 452 | C27: PORT DE SAINT JEAN DE LUZ | D27: Services support | G27: 51 | H27: BANQUES, ETABLISSEMENTS | I27: Bilan | P27: 613510 | Q27: LOCATIONS MOBILIERES | U27: 187084 INTER SERV. FRAIS DE PERS
A28: 10 | B28: 453 | C28: PORT DE BAYONNE | D28: Services support | G28: 60 | H28: ACHATS | I28: CR | J28: Charges | P28: 613520 | Q28: LOCATION MAT.INFORMATIQUE | U28: 187086 INTER SERV. DEPLACEMENTS
A29: 10 | B29: 511 | C29: COMMERCE URBAIN | D29: DEVECO | E29: Commerce / Tourisme | F29: CST | G29: 61 | H29: SERVICES EXTERIEURS | I29: CR | J29: Charges | P29: 613530 | Q29: LOCATIONS DE VEHICULES | U29: 187087 INTER SERV. AFFRANCHISST
A30: 10 | B30: 512 | C30: INDUSTRIE | D30: DEVECO | E30: PME | F30: PME | G30: 62 | H30: AUT. SERVICES EXTERIEURS | I30: CR | J30: Charges | P30: 614000 | Q30: CHARGES LOCATIVES | U30: 187089 AUTRES PRODUITS
A31: 10 | B31: 513 | C31: HOTELLERIE / TOURISME | D31: DEVECO | E31: Commerce / Tourisme | F31: CST | G31: 63 | H31: IMPOTS ET TAXES ET VERSTS | I31: CR | J31: Charges | P31: 615200 | Q31: ENTR.REPAR.BIENS IMMOBIL. | U31: 187681 INTERETS AVANCES TRESO.
A32: 10 | B32: 514 | C32: CREATION / TRANSMISSION | D32: DEVECO | E32: Création / Transmission | F32: C°/T° | G32: 64 | H32: CHARGES DE PERSONNEL | I32: CR | J32: Charges | P32: 615510 | Q32: ENTR.REPAR.BIENS MOBILIER | U32: 187800 CONTRIBUTIONS RECUES
A33: 10 | B33: 515 | C33: N.T.I.C. | D33: DEVECO | E33: N.T.I.C. | F33: Transverse | G33: 65 | H33: AUTRES CHARGES DE GESTION | I33: CR | J33: Charges | P33: 615520 | Q33: ENTR.REPAR.MAT.INFORMATIQ | U33: 204001 PARTICIP.FONDS ENTREPRISE
A34: 10 | B34: 517 | C34: C.F.E. | D34: DEVECO | E34: Guichet unique | F34: GU | G34: 66 | H34: CHARGES FINANCIERES | I34: CR | J34: Charges | P34: 615610 | Q34: MAINTENANCE | U34: 205101 LOGICIELS DEBUT EXERCICE
A35: 10 | B35: 518 | C35: CCGA / TRANSMISSION ENTR. | D35: DEVECO | E35: Création / Transmission | F35: C°/T° | G35: 67 | H35: CHARGES EXCEPTIONNELLES | I35: CR | J35: Charges | P35: 615620 | Q35: MAINTENANCE MAT.INFORMAT. | U35: 205102 LOGICIELS AUGMENTATION
A36: 10 | B36: 521 | C36: CCI TRANSFRONTALIERE | D36: DEVECO | E36: CCI TRANSFRONTALIERE | F36: Transverse | G36: 68 | H36: DOTATIONS AMORTISSEMENTS | I36: CR | J36: Provisions | P36: 616110 | Q36: PRIMES D'ASSURANCES | U36: 205103 LOGICIELS DIMINUTION
A37: 10 | B37: 522 | C37: FORMALITÉS INTERNATIONAL. | D37: DEVECO | E37: Guichet unique | F37: GU | G37: 69 | H37: IMPOTS SUR LES BENEFICES | I37: CR | J37: Charges | P37: 616200 | Q37: ASS.DOMMAGES CONSTRUCTION | U37: 211101 TERRAINS NUS DEBUT EXERC.
A38: 10 | B38: 533 | C38: SERVICE ETUDES | D38: DEVECO | E38: SERVICE ETUDES | F38: Transverse | G38: 70 | H38: VENTE PROD. FAB.,PRESTAT° | I38: CR | J38: Produits | P38: 617000 | Q38: ETUDES ET RECHERCHES | U38: 212001 AGENCEMENTS, AMENAGEMENTS
A39: 10 | B39: 542 | C39: ANTENNE MAULEON / ODACE | D39: DEVECO | E39: Commerce / Tourisme | F39: CST | G39: 74 | H39: SUBVENTIONS EXPLOITATION | I39: CR | J39: Produits | P39: 618100 | Q39: ABONNEMENT DOCUMENTATION | U39: 213151 CONSTRUCT°ENSEMBLES IMMO.
A40: 10 | B40: 621 | C40: C.E.L. CCF BAYONNE | D40: Services support | G40: 75 | H40: AUTRES PRODUITS GESTION | I40: CR | J40: Produits | P40: 618110 | Q40: OUVRAGES DOCUMENTATION | U40: 213501 CONSTRUCT° INSTALLAT°GLES
A41: 10 | B41: 622 | C41: E.G.C. CCF BAYONNE | D41: Services support | G41: 76 | H41: PRODUITS FINANCIERS | I41: CR | J41: Produits | P41: 618500 | Q41: FRAIS DE COLLOQUES, ET DE | U41: 218101 INSTALLATIONS GENERALES,
A42: 10 | B42: 623 | C42: FORM.LONGUES CCF BAYONNE | D42: Services support | G42: 77 | H42: PRODUITS EXCEPTIONNELS | I42: CR | J42: Produits | P42: 618704 | Q42: BANQUE DONNEES AEF | U42: 218102 INSTALLATIONS GENERALES,
A43: 10 | B43: 624 | C43: FORM.COURTES CCF BAYONNE | D43: Services support | G43: 78 | H43: REPRISES S/AMORTISSEMENTS | I43: CR | J43: Provisions | P43: 618705 | Q43: BANQUE DE DONNEES AUTRES | U43: 218201 MATERIEL DE TRANSPORT :
A44: 10 | B44: 629 | C44: DIVERS CCF BAYONNE | D44: Services support | G44: 79 | H44: TRANSFERTS DE CHARGES | I44: CR | J44: Produits | N44: 62 | O44: AUT. SERVICES EXTERIEURS | P44: 186214 | Q44: INTER SERVICES : SAL.DET. | U44: 218311 MATERIEL DE BUREAU DEBUT
A45: 10 | B45: 721 | C45: S.C.I. C.C.F. BAYONNE | D45: Services support | G45: 514 | H45: Erreur | I45: Bilan | P45: 186251 | Q45: INTER SERVICES : DEPLACTS | U45: 218312 MATERIEL DE BUREAU :
A46: 10 | B46: 722 | C46: S.C.I. C.C.F. BIDART | D46: Services support | G46: (vide) | H46: (vide) | P46: 186261 | Q46: INTER S. AFFRANCHISSEMENT | U46: 218313 MATERIEL DE BUREAU :
A47: 10 | B47: 731 | C47: 4 RUE DES CHAMPS BATIMENT | D47: Services support | G47: Total général | P47: 186262 | Q47: INTER S. TELEPHONE | U47: 218321 MATERIEL INFORMATIQUE :
A48: 10 | B48: 5101 | C48: DIR.DEVELOPPEMENT ECONOM. | D48: DEVECO | E48: DIR.DEVELOPPEMENT ECONOM. | F48: Transverse | P48: 186287 | Q48: F.P.C. | U48: 218322 MATERIEL INFORMATIQUE :
A49: 10 | B49: 5102 | C49: ASSOCIATION MAGISTRATS | D49: Services support | P49: 186288 | Q49: P.S. DIVERSES EXTERIEURES | U49: 218323 MATERIEL INFORMATIQUE :
A50: 10 | B50: 5103 | C50: MAINTIEN EMPLOI PAYS BASQ | D50: DEVECO | E50: Pôle RH | F50: RH | P50: 613530 | Q50: LOCATIONS DE VEHICULES | U50: 218401 MOBILIER : DEBUT EXERCICE
A51: 10 | B51: 5104 | C51: H'ACTION 64 | D51: DEVECO | E51: Pôle RH | F51: RH | P51: 621100 | Q51: PERSONNEL INTERIMAIRE | U51: 218402 MOBILIER : AUGMENTATION
A52: 10 | B52: 5112 | C52: COMMERCE RURAL | D52: DEVECO | E52: Commerce / Tourisme | F52: CST | P52: 621400 | Q52: PERS. DETACHE PERMANENTS | U52: 218701 MAT. PROTECTION D'HYGIENE
A53: 10 | B53: 5161 | C53: MARKETING / COLLECTE TAXE | D53: Services support | P53: 621410 | Q53: PERS. DETACHE VACATAIRES | U53: 218801 AUTRES IMMOB. CORPORELLES
A54: 10 | B54: 5162 | C54: CONTRATS APPRENTISSAGE | D54: DEVECO | E54: Pôle RH | F54: RH | P54: 621420 | Q54: PERS.DET.CHS - CP & CET | U54: 218802 AUTRES IMMOB. CORPORELLES
A55: 10 | B55: 5191 | C55: ENVIRONNEMENT SECURITE | D55: DEVECO | E55: PME | F55: PME | P55: 622600 | Q55: HONORAIRES | U55: 261211 PARTS SCI-CRCI AQUITAINE
A56: 10 | B56: CLUAGR | C56: CLUSTER AGROALIM./UZTARTU | D56: DEVECO | E56: PME | F56: PME | P56: 622650 | Q56: HONORAIRES DE FORMATION | U56: 261821 PARTS SCI CCF DEBUT EX.
A57: 10 | B57: CLUTOU | C57: CLUSTER TOURISME / GOAZEN | D57: DEVECO | E57: Commerce / Tourisme | F57: CST | P57: 622700 | Q57: FRAIS ACTES & CONTENTIEUX | U57: 271101 ACTIONS (DROIT PROPRIETE)
A58: 10 | B58: ECARTS | C58: Erreur | D58: Services support | P58: 622810 | Q58: CONTROLE APAVE | U58: 271801 AUTRES TITRES IMMOBILISES
A59: 10 | B59: OSASUN | C59: CLUSTER SANTE / OSASUNA | D59: Services support | P59: 623100 | Q59: ANNONCES ET INSERTIONS | U59: 271802 AUTRES TITRES IMMOBILISES
P60: 623300 | Q60: FOIRES ET EXPOSITIONS | U60: 274801 AUTRES PRETS DEBUT EXERC.
P61: 645320 | Q61: COTISATIONS UPS PERSONNEL | U61: 274803 AUTRES PRETS DIMINUTION
P62: 645323 | Q62: UPS PORT | U62: 274861 PRETS CIL DEBUT EXERC.
P63: 645340 | Q63: COTISAT° ARIAL & URPIMMEC | U63: 274862 PRETS CIL AUGMENTATION
P64: 645350 | Q64: COTISATIONS CRICA | U64: 275101 DEPOTS DEBUT EXERCICE
P65: 645370 | Q65: AG2R PÉNIBILITÉ | U65: 275501 CAUTIONNEMENTS
P66: 645400 | Q66: CMAC PERSONNEL PERMANENT | U66: 280400 AMORTISSEMENTS AUTRES
P67: 645430 | Q67: ASSEDIC ASSOCIATIONS | U67: 280510 AMORTISSEMENTS LOGICIELS
P68: 645820 | Q68: COTISATIONS PREVOYANCE | U68: 281200 AMORTISSEMENTS AGENCT
P69: 645830 | Q69: COTISAT°AUTRES ORGANISMES | U69: 281315 AMORTISSEMENTS ENSEMBLES
P70: 647210 | Q70: COTISATIONS C.O.S. | U70: 281350 AMORT.CONSTRUCT° INSTALL.
P71: 647400 | Q71: AUTRES OEUVRES SOCIALES | U71: 281810 AMORTISSEMENTS INSTALLAT°
... P75: 647810 | Q75: TITRES DE RESTAURANT | U75: 281840 AMORTISSEMENTS MOBILIER
N76: 65 | O76: AUTRES CHARGES DE GESTION | P76: 186800 | Q76: CONTRIBUTIONS VERSEES | U76: 281870 AMORTISSEMENTS MATERIEL
P77: 651100 | Q77: RED. BREVETS,MARQUES,LIC. | U77: 281880 AMORTISSEMENTS DES AUTRES
P78: 651600 | Q78: DROITS DE REPRODUCTION | U78: 296180 P.P.D. AUTRES TITRES DE
P79: 652100 | Q79: REDEVANCES P/ CONCESSIONS | U79: 297110 P.P.D. ACTIONS (DROIT DE
P80: 654100 | Q80: PERTES CREANCES IRRECOU - | U80: 401100 FOURNISSEURS - ACHATS DE
P81: 654400 | Q81: PERTES CREANCES IRRECOU - | U81: 404100 FOURNISSEUR IMMO.
P82: 656200 | Q82: FONDS DE CONCOURS | U82: 411100 CLIENTS - VENTES DE BIENS
P83: 656850 | Q83: AUTRES CONTRIBUTIONS | U83: 428200 PERSONNEL - DETTES PROVI-
P84: 656855 | Q84: BOURSES ET PRIX | U84: 467861 FRAIS AVANCES P/COMPTE DE
P85: 658500 | Q85: AUTRES FRAIS DE GESTION | U85: 468600 CHARGES A PAYER
P86: 658200 | Q86: AUTRES FRAIS / ELECTIONS | U86: 468700 PRODUITS A RECEVOIR
N87: 66 | O87: CHARGES FINANCIERES | P87: 186615 | Q87: INTERETS AVANCES TRESO. | U87: 486000 CHARGES CONSTATEES AVANCE
P88: 661160 | Q88: INTERETS DES EMPRUNTS | U88: 487000 PRODUITS CONSTATES AVANCE
P89: 661180 | Q89: INTERETS DES EMPRUNTS | U89: 491000 PROVISIONS P/DEPRECIATION
P90: 661500 | Q90: INTERETS COMPTES COURANTS | U90: 508110 SICAV
P91: 661600 | Q91: INTERETS BANCAIRES | U91: 512113 CREDIT AGRICOLE
P92: 666000 | Q92: PERTES DE CHANGE | U92: 604500 MISE A JOUR DE LOGICIELS
P93: 667000 | Q93: CHARGES NETTES / CESSIONS | U93: 606110 EAU
P94: 668800 | Q94: ECARTS ARRONDIS / EURO | U94: 606120 ELECTRICITE
N95: 67 | O95: CHARGES EXCEPTIONNELLES | P95: 671200 | Q95: PENALITE&AMENDE FISCALE | U95: 606140 GAZ DE CHAUFFAGE
P96: 671800 | Q96: AUTRES CHARGES EXCEPTION- | U96: 606310 PRODUITS D'ENTRETIEN & DE
P97: 672000 | Q97: CHARGES S/EXERCICES ANTE- | U97: 606320 PETIT MATERIEL-OUTILLAGE
P98: 675100 | Q98: VALEURS CPTABLES DES IMMO | U98: 606410 FOURNITURES DE BUREAU
P99: 675200 | Q99: VALEURS CPTABLES DES IMMO | U99: 606420 IMPRIMES DIVERS
N100: 68 | O100: DOTATIONS AMORTISSEMENTS | P100: 650000 | Q100: DOT. AMORT. DE CADUCITÉ | U100: 606430 COMSOMMABLE INFORMATIQUE
P101: 681114 | Q101: DOT.AMORT. IMMOB. INCORP. | U101: 606440 FOURNITURES SCOLAIRES ET
P102: 681116 | Q102: DOT.AMORT.LOGICIELS | U102: 606810 HABILLEMENT ET VETEMENTS
P103: 681121 | Q103: DOT.AMORT.AGENCT AMENT T. | U103: 606820 COMBUSTIBLES, CARBURANT,
...
